 Dungeon Crawl Stone Soup version 0.29.0-4-gdea44cf6ec (webtiles) character file.

Game seed: 7244704392993210776

12758 qw the Brawler (level 11, 105/105 HPs)
             Began as a Troll Cinder Acolyte on Aug 31, 2022.
             Was an Initiate of Ignis.
             Quit the game on level 12 of the Dungeon.
             The game lasted 00:12:16 (10534 turns).

qw the Brawler (Troll Cinder Acolyte)              Turns: 10534, Time: 00:12:17

Health: 105/105    AC: 13    Str: 30    XL:     11   Next: 66%
Magic:  11/11      EV: 13    Int: 10    God:    Ignis [......]
Gold:   713        SH:  0    Dex:  5    Spells: 12/12 levels left

rFire   + + .      SeeInvis .     - Unarmed
rCold   . . .      Faith    .   (no shield)
rNeg    . . .      Spirit   .   r - +1 acid dragon scales
rPois   .          Reflect  .   (helmet restricted)
rElec   .          Harm     .   c - +2 cloak
rCorr   +          Rampage  .   (gloves unavailable)
Will    +....                   (boots unavailable)
Stlth   ..........              (no amulet)
HPRegen 1.07/turn               d - ring "Meas" {rF+ Will+ Str+2}
MPRegen 0.12/turn               n - +4 ring of evasion

@: no status effects
A: large, unfitting armour, claws 3, regeneration 1, shaggy fur 1, tough skin 1
a: Renounce Religion, Rising Flame


You were on level 12 of the Dungeon.
You worshipped Ignis.
Ignis was noncommittal.
You visited 1 branch of the dungeon, and saw 12 of its levels.

You collected 713 gold pieces.


Innate Abilities, Weirdness & Mutations

You are too large for most types of armour.
You have claws for hands.
Your natural rate of healing is unusually fast.
You are covered in fur. (AC +1)
You have tough skin. (AC +1)


   Skills:
 - Level 6.0 Fighting
 - Level 6.0 Throwing
 - Level 3.2 Armour
 - Level 1.2 Dodging
 + Level 15.7 Unarmed Combat
 - Level 1.0 Spellcasting
 - Level 2.1 Fire Magic


You had 12 spell levels left.
You didn't know any spells.
Your spell library contained the following spells:

 Spells                   Type           Power      Damage    Failure   Level
 Scorch                   Fire           8%         2d5       26%         2

Inventory:

Missiles
 b - a silver boomerang
 h - 2 boomerangs of dispersal
 p - 3 large rocks (quivered)
 s - 2 javelins
Armour
 c - a +2 cloak (worn)
 r - +1 acid dragon scales (worn)
Jewellery
 a - a ring of ice
 d - the ring "Meas" (left claw) {rF+ Will+ Str+2}
   (You found it on level 6 of the Dungeon)

   [ring of protection from fire]

   Str:       It affects your strength (+2).
   rF:        It protects you from fire.
   Will:      It increases your willpower.
 n - a +4 ring of evasion (right claw)
 o - a ring of see invisible
Scrolls
 j - 7 scrolls of identify
Potions
 e - a potion of haste
 f - a potion of resistance
 g - 6 potions of curing
 k - a potion of mutation
 l - 2 potions of might
 m - a potion of cancellation
 q - 2 potions of heal wounds

Dungeon Overview and Level Annotations

Branches:
Dungeon (12/15)            Temple (0/1) D:7            Lair (0/5) D:11
    Orc (0/2) D:9

Altars:
Cheibriados
Dithmenos
Fedhas
Gozag
Kikubaaqudgha
Nemelex Xobeh
Okawaru
Sif Muna
Trog
Vehumet
Wu Jian
The Shining One

Annotations:
D:6 1 runed translucent door, Crazy Yiuf
D:7 2 transporters, qw's ghost, novice TeWr
D:10 3 runed translucent doors, qw's ghost, journeyman TeWr


Message History

Sorry, I don't know how to get there.
10515 ||| Stepping randomly (stuck).
Sorry, I don't know how to get there.
10516 ||| Stepping randomly (stuck).
Sorry, I don't know how to get there.
10517 ||| Stepping randomly (stuck).
Sorry, I don't know how to get there.
10518 ||| Stepping randomly (stuck).
Sorry, I don't know how to get there.
10519 ||| Stepping randomly (stuck).
Sorry, I don't know how to get there.
10520 ||| Stepping randomly (stuck).
Sorry, I don't know how to get there.
10521 ||| Stepping randomly (stuck).
Sorry, I don't know how to get there.
10522 ||| Stepping randomly (stuck).
Sorry, I don't know how to get there.
10523 ||| Stepping randomly (stuck).
Sorry, I don't know how to get there.
10524 ||| Stepping randomly (stuck).
Sorry, I don't know how to get there.
10525 ||| Stepping randomly (stuck).
Sorry, I don't know how to get there.
10526 ||| Stepping randomly (stuck).
Sorry, I don't know how to get there.
10527 ||| Stepping randomly (stuck).
Sorry, I don't know how to get there.
10528 ||| Stepping randomly (stuck).
Sorry, I don't know how to get there.
10529 ||| Stepping randomly (stuck).
Sorry, I don't know how to get there.
10530 ||| Stepping randomly (stuck).
Sorry, I don't know how to get there.
10531 ||| Stepping randomly (stuck).
Sorry, I don't know how to get there.
10532 ||| Stepping randomly (stuck).
Sorry, I don't know how to get there.
10533 ||| Stepping randomly (stuck).
Sorry, I don't know how to get there.
Are you sure you want to abandon this character and quit the game? (Confirm with "yes".)

#############
#....#.......
#......#
#.@....#
#......#
#......#
#......#
#......#
##.....#
#.....########
#............#
#....(.......#


There were no monsters in sight!

Vanquished Creatures
  2 boulder beetles
  A manticore (D:12)
  2 unseen horrors
  2 kobold demonologists
  A komodo dragon (D:10)
  A shadow (D:9)
  19 yaks
  2 vampires (D:10)
  A wyvern (D:9)
  3 vampire mosquitoes (D:11)
  2 steam dragons
  2 acid dragons (D:9)
  Duvessa (D:4)
  2 water moccasins
  10 orc warriors
  2 sky beasts
  2 black bears (D:5)
  2 ogres
  7 centaurs
  2 bullfrogs
  7 kobold brigands
  4 scorpions
  2 necrophages
  8 wights
  Dowan (D:4)
  13 killer bees
  5 howler monkeys
  2 hounds
  5 jellies
  10 orc priests
  A gnoll bouda (D:4)
  3 iguanas (D:6)
  7 orc wizards
  14 gnolls
  7 adders
  2 white imps (D:6)
  An ufetubus (D:5)
  A worm (D:5)
  3 dart slugs
  46 orcs
  14 ball pythons
  3 endoplasms
  A giant cockroach (D:3)
  4 goblins
  2 hobgoblins
  7 jackals
  2 quokkas
  3 bats
  4 frilled lizards
  24 kobolds
  6 rats
278 creatures vanquished.

Vanquished Creatures (others)
  An orc wizard (D:7)
1 creature vanquished.

Grand Total: 279 creatures vanquished

Notes
Turn   | Place    | Note
-------+----------+-------------------------------------------
     0 | D:1      | qw the Troll Cinder Acolyte began the quest for the Orb.
     0 | D:1      | Reached XP level 1. HP: 22/22 MP: 1/1
     0 | D:1      | 0 ||| qw: Version: 0.1-a-97-g2dd2ca4
     0 | D:1      | 0 ||| qw: Game counter: 4516
     0 | D:1      | 0 ||| qw: Always use a shield: true
     0 | D:1      | 0 ||| qw: God list: Okawaru
     0 | D:1      | 0 ||| qw: Allow faded altars: false
     0 | D:1      | 0 ||| qw: Do Orc after D:15 true
     0 | D:1      | 0 ||| qw: Do second Lair branch before Depths: true
     0 | D:1      | 0 ||| qw: Lair rune preference: random
     0 | D:1      | 0 ||| qw: Plans: Normal
     0 | D:1      | 0 ||| PLANNING D:1-11
    88 | D:1      | 88 ||| Stepping ~*~*~tactically~*~*~ (outnumbered).
    89 | D:1      | 89 ||| Stepping ~*~*~tactically~*~*~ (outnumbered).
   217 | D:1      | Reached XP level 2. HP: 29/29 MP: 2/2
   580 | D:1      | 580 ||| READING 2 scrolls labelled ICUSAWN KOUSHO.
   581 | D:1      | 581 ||| READING scroll labelled SIRIMUBUFA.
   586 | D:1      | 586 ||| READING scroll labelled RAD SERCHILOPH.
   587 | D:1      | 587 ||| READING scroll labelled ADGHUG CIH LAH.
   588 | D:1      | 588 ||| DROPPING scroll of poison.
   633 | D:2      | 633 ||| Stepping ~*~*~tactically~*~*~ (stealth).
   646 | D:2      | 646 ||| Stepping ~*~*~tactically~*~*~ (stealth).
   647 | D:2      | 647 ||| Stepping ~*~*~tactically~*~*~ (stealth).
   681 | D:2      | 681 ||| Stepping ~*~*~tactically~*~*~ (stealth).
   746 | D:2      | Reached skill level 4 in Unarmed Combat
   752 | D:2      | Reached XP level 3. HP: 36/36 MP: 3/3
   820 | D:2      | Reached skill level 1 in Throwing
   913 | D:2      | 913 ||| Stepping ~*~*~tactically~*~*~ (outnumbered).
  1120 | D:2      | 1120 ||| Stepping ~*~*~tactically~*~*~ (stealth).
  1124 | D:2      | 1124 ||| Stepping ~*~*~tactically~*~*~ (stealth).
  1145 | D:2      | Identified the +8 spear of Ehusutekk {venom, rCorr MP+9
                  | Str+3 Stlth+}
  1321 | D:2      | 1321 ||| READING 2 scrolls labelled YVELAIPRAC.
  1322 | D:2      | 1322 ||| READING 2 scrolls labelled VETODETZAI.
  1323 | D:2      | 1323 ||| READING scroll labelled AGHISOS RACOWO.
  1324 | D:2      | 1324 ||| DRINKING 2 glowing silvery potions.
  1349 | D:3      | 1349 ||| Stepping ~*~*~tactically~*~*~ (stealth).
  1385 | D:3      | Reached XP level 4. HP: 44/44 MP: 4/4
  1786 | D:3      | 1786 ||| DRINKING 2 fizzy red potions.
  1787 | D:3      | 1787 ||| DRINKING 2 amethyst potions.
  1788 | D:3      | 1788 ||| READING 2 scrolls of identify.
  1788 | D:3      | 1788 ||| IDENTIFYING brown potion
  1789 | D:3      | 1789 ||| DROPPING potion of flight.
  1790 | D:3      | 1790 ||| DROPPING potion of attraction.
  1821 | D:4      | 1821 ||| INVOKING Fiery Armour.
  1825 | D:4      | Reached skill level 5 in Unarmed Combat
  1825 | D:4      | 1825 ||| Stepping ~*~*~tactically~*~*~ (outnumbered).
  1826 | D:4      | 1826 ||| STAIRDANCE
  1827 | D:4      | Reached XP level 5. HP: 40/50 MP: 5/5
  1852 | D:4      | 1852 ||| STAIRDANCE
  1854 | D:3      | 1854 ||| DRINKING 4 potions of curing.
  1854 | D:3      | 1854 ||| (to cure confusion)
  1855 | D:3      | 1855 ||| Stepping ~*~*~tactically~*~*~ (outnumbered).
  1856 | D:3      | 1856 ||| Stepping ~*~*~tactically~*~*~ (outnumbered).
  1857 | D:3      | 1857 ||| Stepping ~*~*~tactically~*~*~ (outnumbered).
  1858 | D:3      | Reached skill level 6 in Unarmed Combat
  1877 | D:4      | 1877 ||| Stepping ~*~*~tactically~*~*~ (hiding).
  1883 | D:4      | Reached XP level 6. HP: 56/59 MP: 6/6
  2169 | D:4      | Noticed Duvessa
  2192 | D:4      | 2192 ||| INVOKING Fiery Armour.
  2193 | D:4      | Killed Duvessa
  2194 | D:4      | Reached skill level 7 in Unarmed Combat
  2194 | D:4      | Noticed Dowan
  2195 | D:4      | 2195 ||| FLEEEEING.
  2304 | D:4      | 2304 ||| INVOKING Fiery Armour.
  2316 | D:4      | Found an iron altar of Okawaru.
  2362 | D:4      | Found an ancient bone altar of Kikubaaqudgha.
  2387 | D:4      | 2387 ||| Stepping ~*~*~tactically~*~*~ (stealth).
  2530 | D:4      | 2530 ||| Stepping ~*~*~tactically~*~*~ (hiding).
  2536 | D:4      | 2536 ||| INVOKING Fiery Armour.
  2537 | D:4      | HP: 7/59 [Dowan/stone arrow (11)]
  2537 | D:4      | Killed Dowan
  2538 | D:4      | Reached skill level 8 in Unarmed Combat
  2538 | D:4      | Reached XP level 7. HP: 8/66 MP: 7/7
  2682 | D:4      | Found a snail-covered altar of Cheibriados.
  2923 | D:4      | 2923 ||| READING scroll labelled FIUD OTEASUTA.
  2924 | D:4      | 2924 ||| READING scroll labelled QUMEGUDOCI.
  2925 | D:4      | 2925 ||| READING 2 scrolls of identify.
  2925 | D:4      | 2925 ||| IDENTIFYING red potion
  2926 | D:4      | 2926 ||| DROPPING potion of berserk rage.
  2931 | D:5      | Entered Level 5 of the Dungeon
  2933 | D:5      | 2933 ||| STAIRDANCE
  2965 | D:5      | Reached skill level 3 in Fighting
  3159 | D:5      | 3159 ||| Stepping ~*~*~tactically~*~*~ (hiding).
  3323 | D:5      | Noticed a kobold demonologist
  3328 | D:5      | Reached skill level 9 in Unarmed Combat
  3328 | D:5      | 3328 ||| Stepping ~*~*~tactically~*~*~ (hiding).
  3333 | D:5      | 3333 ||| Stepping ~*~*~tactically~*~*~ (outnumbered).
  3334 | D:5      | Noticed a ynoxinul
  3336 | D:5      | Killed a kobold demonologist
  3337 | D:5      | Reached skill level 3 in Throwing
  3337 | D:5      | Reached XP level 8. HP: 57/75 MP: 8/8
  3340 | D:5      | 3340 ||| INVOKING Fiery Armour.
  3343 | D:5      | Reached skill level 1 in Dodging
  3346 | D:5      | 3346 ||| Stepping ~*~*~tactically~*~*~ (outnumbered).
  3360 | D:5      | Reached skill level 10 in Unarmed Combat
  3463 | D:5      | 3463 ||| Stepping ~*~*~tactically~*~*~ (stealth).
  3669 | D:5      | 3669 ||| Stepping ~*~*~tactically~*~*~ (hiding).
  4108 | D:5      | 4108 ||| UPGRADING to +0 cloak.
  4113 | D:5      | 4113 ||| READING 2 scrolls of enchant armour.
  4113 | D:5      | 4113 ||| ENCHANTING +0 cloak.
  4114 | D:5      | 4114 ||| READING scroll of enchant armour.
  4114 | D:5      | 4114 ||| ENCHANTING +1 cloak.
  4115 | D:5      | 4115 ||| DRINKING 2 bubbling ruby potions.
  4116 | D:5      | 4116 ||| READING 2 scrolls of identify.
  4116 | D:5      | 4116 ||| IDENTIFYING murky sapphire potion
  4117 | D:5      | 4117 ||| DROPPING potion of brilliance.
  4182 | D:6      | Identified the ring "Meas" {rF+ Will+ Str+2}
  4222 | D:6      | Found a sparkling altar of Nemelex Xobeh.
  4224 | D:6      | Found a radiant altar of Vehumet.
  4272 | D:6      | 4272 ||| Stepping ~*~*~tactically~*~*~ (stealth).
  4292 | D:6      | Found a runed translucent door.
  4293 | D:6      | Noticed Crazy Yiuf
  4309 | D:6      | 4309 ||| Stepping ~*~*~tactically~*~*~ (hiding).
  4319 | D:6      | Reached XP level 9. HP: 84/84 MP: 9/9
  4457 | D:6      | 4457 ||| Stepping ~*~*~tactically~*~*~ (outnumbered).
  4465 | D:6      | 4465 ||| INVOKING Fiery Armour.
  4673 | D:6      | Reached skill level 11 in Unarmed Combat
  4693 | D:6      | Found a glowing golden altar of the Shining One.
  4709 | D:6      | Found a shadowy altar of Dithmenos.
  5106 | D:6      | 5106 ||| UPGRADING to +1 robe of cold resistance.
  5116 | D:6      | 5116 ||| DROPPING +0 robe.
  5117 | D:6      | 5117 ||| UPGRADING to ring "Meas" {rF+ Will+ Str+2}.
  5118 | D:6      | 5118 ||| READING 3 scrolls of identify.
  5118 | D:6      | 5118 ||| IDENTIFYING black potion
  5119 | D:6      | 5119 ||| DROPPING potion of lignification.
  5166 | D:7      | 5166 ||| INVOKING Fiery Armour.
  5167 | D:7      | 5167 ||| Stepping ~*~*~tactically~*~*~ (hiding).
  5169 | D:7      | 5169 ||| Stepping ~*~*~tactically~*~*~ (outnumbered).
  5170 | D:7      | 5170 ||| Stepping ~*~*~tactically~*~*~ (outnumbered).
  5171 | D:7      | 5171 ||| Stepping ~*~*~tactically~*~*~ (outnumbered).
  5172 | D:7      | 5172 ||| Stepping ~*~*~tactically~*~*~ (outnumbered).
  5173 | D:7      | 5173 ||| Stepping ~*~*~tactically~*~*~ (outnumbered).
  5256 | D:7      | Found a staircase to the Ecumenical Temple.
  5295 | D:7      | 5295 ||| Stepping ~*~*~tactically~*~*~ (stealth).
  5299 | D:7      | 5299 ||| INVOKING Fiery Armour.
  5301 | D:7      | 5301 ||| Stepping ~*~*~tactically~*~*~ (stealth).
  5305 | D:7      | 5305 ||| Stepping ~*~*~tactically~*~*~ (outnumbered).
  5306 | D:7      | 5306 ||| Stepping ~*~*~tactically~*~*~ (outnumbered).
  5307 | D:7      | 5307 ||| Stepping ~*~*~tactically~*~*~ (outnumbered).
  5308 | D:7      | 5308 ||| Stepping ~*~*~tactically~*~*~ (outnumbered).
  5309 | D:7      | 5309 ||| Stepping ~*~*~tactically~*~*~ (outnumbered).
  5311 | D:7      | HP: 15/84 [ogre/+0 giant club (15)]
  5312 | D:7      | 5312 ||| READING 4 scrolls of teleportation.
  5313 | D:7      | 5313 ||| DRINKING potion of heal wounds.
  5314 | D:7      | Reached skill level 12 in Unarmed Combat
  5526 | D:7      | 5526 ||| Stepping ~*~*~tactically~*~*~ (hiding).
  5527 | D:7      | 5527 ||| Stepping ~*~*~tactically~*~*~ (hiding).
  5529 | D:7      | 5529 ||| Stepping ~*~*~tactically~*~*~ (hiding).
  5530 | D:7      | 5530 ||| Stepping ~*~*~tactically~*~*~ (hiding).
  5531 | D:7      | 5531 ||| Stepping ~*~*~tactically~*~*~ (hiding).
  5599 | D:7      | 5599 ||| Stepping ~*~*~tactically~*~*~ (hiding).
  5743 | D:7      | Found a transporter.
  5743 | D:7      | Noticed a two-headed ogre
  5745 | D:7      | Noticed a moth of wrath
  5746 | D:7      | Noticed qw's ghost (novice TeWr)
  5748 | D:7      | Found a bloodstained altar of Trog.
  5778 | D:7      | Found a transporter.
  5821 | D:7      | 5821 ||| READING 2 scrolls labelled WITHRE MOCHUKO.
  5822 | D:7      | 5822 ||| READING 3 scrolls of identify.
  5822 | D:7      | 5822 ||| IDENTIFYING bubbling brown potion
  5823 | D:7      | 5823 ||| READING 2 scrolls of identify.
  5823 | D:7      | 5823 ||| IDENTIFYING bubbling emerald potion
  5824 | D:7      | 5824 ||| DROPPING scroll of magic mapping.
  5840 | D:8      | 5840 ||| PLANNING OSSUARY
  5928 | D:8      | 5928 ||| Stepping ~*~*~tactically~*~*~ (stealth).
  5937 | D:8      | 5937 ||| Stepping ~*~*~tactically~*~*~ (outnumbered).
  5938 | D:8      | 5938 ||| Stepping ~*~*~tactically~*~*~ (outnumbered).
  5951 | D:8      | 5951 ||| Stepping ~*~*~tactically~*~*~ (stealth).
  5969 | D:8      | 5969 ||| Stepping ~*~*~tactically~*~*~ (stealth).
  5975 | D:8      | 5975 ||| Stepping ~*~*~tactically~*~*~ (stealth).
  5986 | D:8      | 5986 ||| Stepping ~*~*~tactically~*~*~ (stealth).
  5993 | D:8      | 5993 ||| Stepping ~*~*~tactically~*~*~ (stealth).
  6036 | D:8      | 6036 ||| Stepping ~*~*~tactically~*~*~ (outnumbered).
  6047 | D:8      | Reached XP level 10. HP: 61/96 MP: 10/10
  6064 | D:8      | 6064 ||| FLEEEEING.
  6089 | D:8      | 6089 ||| Stepping ~*~*~tactically~*~*~ (stealth).
  6093 | D:8      | 6093 ||| Stepping ~*~*~tactically~*~*~ (stealth).
  6094 | D:8      | 6094 ||| Stepping ~*~*~tactically~*~*~ (stealth).
  6134 | D:8      | 6134 ||| Stepping ~*~*~tactically~*~*~ (outnumbered).
  6137 | D:8      | 6137 ||| Stepping ~*~*~tactically~*~*~ (outnumbered).
  6139 | D:8      | 6139 ||| INVOKING Fiery Armour.
  6140 | D:8      | 6140 ||| Stepping ~*~*~tactically~*~*~ (outnumbered).
  6145 | D:8      | Reached skill level 13 in Unarmed Combat
  6284 | D:8      | 6284 ||| Stepping ~*~*~tactically~*~*~ (stealth).
  6286 | D:8      | 6286 ||| Stepping ~*~*~tactically~*~*~ (hiding).
  6293 | D:8      | Reached skill level 1 in Armour
  6558 | D:8      | 6558 ||| RIP OSSUARY
  6601 | D:8      | Found a shimmering blue altar of Sif Muna.
  6602 | D:8      | 6602 ||| PLANNING D:1-11
  6947 | D:8      | 6947 ||| UPGRADING to +4 ring of evasion.
  6948 | D:8      | 6948 ||| READING scroll labelled UCZETI YKKAO.
  7122 | D:9      | 7122 ||| Stepping ~*~*~tactically~*~*~ (stealth).
  7173 | D:9      | 7173 ||| Stepping ~*~*~tactically~*~*~ (stealth).
  7272 | D:9      | 7272 ||| Stepping ~*~*~tactically~*~*~ (outnumbered).
  7273 | D:9      | 7273 ||| Stepping ~*~*~tactically~*~*~ (outnumbered).
  7274 | D:9      | 7274 ||| Stepping ~*~*~tactically~*~*~ (outnumbered).
  7342 | D:9      | 7342 ||| Stepping ~*~*~tactically~*~*~ (hiding).
  7343 | D:9      | 7343 ||| Stepping ~*~*~tactically~*~*~ (hiding).
  7389 | D:9      | Found a blossoming altar of Fedhas.
  7394 | D:9      | 7394 ||| Stepping ~*~*~tactically~*~*~ (stealth).
  7397 | D:9      | 7397 ||| Stepping ~*~*~tactically~*~*~ (hiding).
  7408 | D:9      | 7408 ||| Stepping ~*~*~tactically~*~*~ (outnumbered).
  7409 | D:9      | 7409 ||| Stepping ~*~*~tactically~*~*~ (outnumbered).
  7631 | D:9      | 7631 ||| INVOKING Fiery Armour.
  7635 | D:9      | 7635 ||| Stepping ~*~*~tactically~*~*~ (outnumbered).
  7636 | D:9      | 7636 ||| Stepping ~*~*~tactically~*~*~ (hiding).
  7637 | D:9      | 7637 ||| FLEEEEING.
  7643 | D:9      | 7643 ||| Stepping ~*~*~tactically~*~*~ (outnumbered).
  7645 | D:9      | 7645 ||| Stepping ~*~*~tactically~*~*~ (outnumbered).
  7647 | D:9      | 7647 ||| Stepping ~*~*~tactically~*~*~ (outnumbered).
  7650 | D:9      | 7650 ||| Stepping ~*~*~tactically~*~*~ (outnumbered).
  7651 | D:9      | 7651 ||| Stepping ~*~*~tactically~*~*~ (outnumbered).
  7659 | D:9      | Reached skill level 14 in Unarmed Combat
  7659 | D:9      | HP: 21/96 [orc warrior/+0 halberd (9)]
  7660 | D:9      | 7660 ||| READING 4 scrolls of teleportation.
  7661 | D:9      | 7661 ||| DRINKING potion of heal wounds.
  7797 | D:9      | 7797 ||| Stepping ~*~*~tactically~*~*~ (stealth).
  7800 | D:9      | 7800 ||| Stepping ~*~*~tactically~*~*~ (hiding).
  7801 | D:9      | 7801 ||| Stepping ~*~*~tactically~*~*~ (hiding).
  7853 | D:9      | 7853 ||| Stepping ~*~*~tactically~*~*~ (stealth).
  7856 | D:9      | 7856 ||| Stepping ~*~*~tactically~*~*~ (hiding).
  7867 | D:9      | 7867 ||| FLEEEEING.
  7868 | D:9      | 7868 ||| FLEEEEING.
  7869 | D:9      | 7869 ||| FLEEEEING.
  7870 | D:9      | 7870 ||| FLEEEEING.
  7884 | D:9      | 7884 ||| Stepping ~*~*~tactically~*~*~ (stealth).
  7911 | D:9      | Found a staircase to the Orcish Mines.
  8054 | D:9      | 8054 ||| Stepping ~*~*~tactically~*~*~ (stealth).
  8097 | D:9      | 8097 ||| DROPPING +0 steam dragon scales.
  8098 | D:9      | 8098 ||| UPGRADING to +0 acid dragon scales.
  8108 | D:9      | 8108 ||| DROPPING +1 robe of cold resistance.
  8109 | D:9      | 8109 ||| READING 6 scrolls of identify.
  8109 | D:9      | 8109 ||| IDENTIFYING fuming pink potion
  8119 | D:10     | Entered Level 10 of the Dungeon
  8127 | D:10     | 8127 ||| Stepping ~*~*~tactically~*~*~ (hiding).
  8128 | D:10     | 8128 ||| Stepping ~*~*~tactically~*~*~ (hiding).
  8131 | D:10     | 8131 ||| Stepping ~*~*~tactically~*~*~ (hiding).
  8132 | D:10     | 8132 ||| Stepping ~*~*~tactically~*~*~ (hiding).
  8181 | D:10     | 8181 ||| READING scroll of enchant armour.
  8181 | D:10     | 8181 ||| ENCHANTING +0 acid dragon scales.
  8203 | D:10     | 8203 ||| Stepping ~*~*~tactically~*~*~ (hiding).
  8205 | D:10     | 8205 ||| Stepping ~*~*~tactically~*~*~ (outnumbered).
  8315 | D:10     | Found a runed translucent gate.
  8315 | D:10     | Found a runed translucent gate.
  8315 | D:10     | Found a runed translucent gate.
  8317 | D:10     | Identified the +0 plate armour of Complete Protection {MP+9
                  | Int+5}
  8318 | D:10     | Noticed qw's ghost (journeyman TeWr)
  8406 | D:10     | Reached skill level 6 in Fighting
  8493 | D:10     | Found an opulent altar of Gozag.
  8533 | D:10     | 8533 ||| Stepping ~*~*~tactically~*~*~ (outnumbered).
  8534 | D:10     | 8534 ||| Stepping ~*~*~tactically~*~*~ (outnumbered).
  8535 | D:10     | 8535 ||| Stepping ~*~*~tactically~*~*~ (outnumbered).
  8536 | D:10     | 8536 ||| Stepping ~*~*~tactically~*~*~ (outnumbered).
  8537 | D:10     | 8537 ||| Stepping ~*~*~tactically~*~*~ (outnumbered).
  8538 | D:10     | 8538 ||| Stepping ~*~*~tactically~*~*~ (outnumbered).
  8539 | D:10     | 8539 ||| Stepping ~*~*~tactically~*~*~ (outnumbered).
  8540 | D:10     | 8540 ||| Stepping ~*~*~tactically~*~*~ (outnumbered).
  8541 | D:10     | 8541 ||| Stepping ~*~*~tactically~*~*~ (outnumbered).
  8542 | D:10     | 8542 ||| Stepping ~*~*~tactically~*~*~ (outnumbered).
  8543 | D:10     | 8543 ||| Stepping ~*~*~tactically~*~*~ (outnumbered).
  8544 | D:10     | 8544 ||| Stepping ~*~*~tactically~*~*~ (outnumbered).
  8548 | D:10     | 8548 ||| Stepping ~*~*~tactically~*~*~ (outnumbered).
  8549 | D:10     | 8549 ||| Stepping ~*~*~tactically~*~*~ (outnumbered).
  8550 | D:10     | 8550 ||| Stepping ~*~*~tactically~*~*~ (outnumbered).
  8551 | D:10     | 8551 ||| Stepping ~*~*~tactically~*~*~ (outnumbered).
  8553 | D:10     | Reached XP level 11. HP: 89/105 MP: 11/11
  8725 | D:10     | Identified the +1 pair of boots of Omofuiz {Slay+2}
  8861 | D:10     | Found an ornate altar of the Wu Jian Council.
  9044 | D:10     | 9044 ||| DRINKING 7 potions of curing.
  9044 | D:10     | 9044 ||| (to cure confusion)
  9052 | D:10     | Reached skill level 6 in Throwing
  9069 | D:10     | 9069 ||| DROPPING scarf of shadows.
  9070 | D:10     | 9070 ||| READING scroll labelled ZINATAENONG.
  9071 | D:10     | 9071 ||| DRINKING 2 bubbling coppery potions.
  9135 | D:11     | 9135 ||| Stepping ~*~*~tactically~*~*~ (stealth).
  9169 | D:11     | Noticed a boulder beetle
  9170 | D:11     | 9170 ||| INVOKING Fiery Armour.
  9183 | D:11     | 9183 ||| Stepping ~*~*~tactically~*~*~ (outnumbered).
  9192 | D:11     | Reached skill level 15 in Unarmed Combat
  9195 | D:11     | Killed a boulder beetle
  9196 | D:11     | Reached skill level 3 in Armour
  9260 | D:11     | 9260 ||| Stepping ~*~*~tactically~*~*~ (stealth).
  9265 | D:11     | 9265 ||| Stepping ~*~*~tactically~*~*~ (outnumbered).
  9318 | D:11     | 9318 ||| Stepping ~*~*~tactically~*~*~ (stealth).
  9327 | D:11     | 9327 ||| Stepping ~*~*~tactically~*~*~ (outnumbered).
  9370 | D:11     | Found a staircase to the Lair.
  9370 | D:11     | You fall into a shaft and drop 1 floor!
  9379 | D:12     | Noticed a boulder beetle
  9389 | D:12     | 9389 ||| INVOKING Fiery Armour.
  9396 | D:12     | Killed a boulder beetle
  9469 | D:12     | 9469 ||| Stepping ~*~*~tactically~*~*~ (hiding).
  9518 | D:12     | 9518 ||| PLANNING CONVERSION TO OKAWARU
  9518 | D:12     | 9518 ||| READING 4 scrolls of teleportation.
  9522 | D:12     | 9522 ||| READING 3 scrolls of teleportation.
  9527 | D:12     | 9527 ||| READING 2 scrolls of teleportation.
  9530 | D:12     | 9530 ||| READING scroll of teleportation.
  9533 | D:12     | 9533 ||| Stepping randomly (stuck).
  9534 | D:12     | 9534 ||| Stepping randomly (stuck).
  9535 | D:12     | 9535 ||| Stepping randomly (stuck).
  9536 | D:12     | 9536 ||| Stepping randomly (stuck).
  9537 | D:12     | 9537 ||| Stepping randomly (stuck).
  9538 | D:12     | 9538 ||| Stepping randomly (stuck).
  9539 | D:12     | 9539 ||| Stepping randomly (stuck).
  9540 | D:12     | 9540 ||| Stepping randomly (stuck).
  9541 | D:12     | 9541 ||| Stepping randomly (stuck).
  9542 | D:12     | 9542 ||| Stepping randomly (stuck).
  9543 | D:12     | 9543 ||| Stepping randomly (stuck).
  9544 | D:12     | 9544 ||| Stepping randomly (stuck).
  9545 | D:12     | 9545 ||| Stepping randomly (stuck).
  9546 | D:12     | 9546 ||| Stepping randomly (stuck).
  9547 | D:12     | 9547 ||| Stepping randomly (stuck).
  9548 | D:12     | 9548 ||| Stepping randomly (stuck).
  9549 | D:12     | 9549 ||| Stepping randomly (stuck).
  9550 | D:12     | 9550 ||| Stepping randomly (stuck).
  9551 | D:12     | 9551 ||| Stepping randomly (stuck).
  9552 | D:12     | 9552 ||| Stepping randomly (stuck).
  9553 | D:12     | 9553 ||| Stepping randomly (stuck).
  9554 | D:12     | 9554 ||| Stepping randomly (stuck).
  9555 | D:12     | 9555 ||| Stepping randomly (stuck).
  9556 | D:12     | 9556 ||| Stepping randomly (stuck).
  9557 | D:12     | 9557 ||| Stepping randomly (stuck).
  9558 | D:12     | 9558 ||| Stepping randomly (stuck).
  9559 | D:12     | 9559 ||| Stepping randomly (stuck).
  9560 | D:12     | 9560 ||| Stepping randomly (stuck).
  9561 | D:12     | 9561 ||| Stepping randomly (stuck).
  9562 | D:12     | 9562 ||| Stepping randomly (stuck).
  9563 | D:12     | 9563 ||| Stepping randomly (stuck).
  9564 | D:12     | 9564 ||| Stepping randomly (stuck).
  9565 | D:12     | 9565 ||| Stepping randomly (stuck).
  9566 | D:12     | 9566 ||| Stepping randomly (stuck).
  9567 | D:12     | 9567 ||| Stepping randomly (stuck).
  9568 | D:12     | 9568 ||| Stepping randomly (stuck).
  9569 | D:12     | 9569 ||| Stepping randomly (stuck).
  9570 | D:12     | 9570 ||| Stepping randomly (stuck).
  9571 | D:12     | 9571 ||| Stepping randomly (stuck).
  9572 | D:12     | 9572 ||| Stepping randomly (stuck).
  9573 | D:12     | 9573 ||| Stepping randomly (stuck).
  9574 | D:12     | 9574 ||| Stepping randomly (stuck).
  9575 | D:12     | 9575 ||| Stepping randomly (stuck).
  9576 | D:12     | 9576 ||| Stepping randomly (stuck).
  9577 | D:12     | 9577 ||| Stepping randomly (stuck).
  9578 | D:12     | 9578 ||| Stepping randomly (stuck).
  9579 | D:12     | 9579 ||| Stepping randomly (stuck).
  9580 | D:12     | 9580 ||| Stepping randomly (stuck).
  9581 | D:12     | 9581 ||| Stepping randomly (stuck).
  9582 | D:12     | 9582 ||| Stepping randomly (stuck).
  9583 | D:12     | 9583 ||| Stepping randomly (stuck).
  9584 | D:12     | 9584 ||| Stepping randomly (stuck).
  9585 | D:12     | 9585 ||| Stepping randomly (stuck).
  9586 | D:12     | 9586 ||| Stepping randomly (stuck).
  9587 | D:12     | 9587 ||| Stepping randomly (stuck).
  9588 | D:12     | 9588 ||| Stepping randomly (stuck).
  9589 | D:12     | 9589 ||| Stepping randomly (stuck).
  9590 | D:12     | 9590 ||| Stepping randomly (stuck).
  9591 | D:12     | 9591 ||| Stepping randomly (stuck).
  9592 | D:12     | 9592 ||| Stepping randomly (stuck).
  9593 | D:12     | 9593 ||| Stepping randomly (stuck).
  9594 | D:12     | 9594 ||| Stepping randomly (stuck).
  9595 | D:12     | 9595 ||| Stepping randomly (stuck).
  9596 | D:12     | 9596 ||| Stepping randomly (stuck).
  9597 | D:12     | 9597 ||| Stepping randomly (stuck).
  9598 | D:12     | 9598 ||| Stepping randomly (stuck).
  9599 | D:12     | 9599 ||| Stepping randomly (stuck).
  9600 | D:12     | 9600 ||| Stepping randomly (stuck).
  9601 | D:12     | 9601 ||| Stepping randomly (stuck).
  9602 | D:12     | 9602 ||| Stepping randomly (stuck).
  9603 | D:12     | 9603 ||| Stepping randomly (stuck).
  9604 | D:12     | 9604 ||| Stepping randomly (stuck).
  9605 | D:12     | 9605 ||| Stepping randomly (stuck).
  9606 | D:12     | 9606 ||| Stepping randomly (stuck).
  9607 | D:12     | 9607 ||| Stepping randomly (stuck).
  9608 | D:12     | 9608 ||| Stepping randomly (stuck).
  9609 | D:12     | 9609 ||| Stepping randomly (stuck).
  9610 | D:12     | 9610 ||| Stepping randomly (stuck).
  9611 | D:12     | 9611 ||| Stepping randomly (stuck).
  9612 | D:12     | 9612 ||| Stepping randomly (stuck).
  9613 | D:12     | 9613 ||| Stepping randomly (stuck).
  9614 | D:12     | 9614 ||| Stepping randomly (stuck).
  9615 | D:12     | 9615 ||| Stepping randomly (stuck).
  9616 | D:12     | 9616 ||| Stepping randomly (stuck).
  9617 | D:12     | 9617 ||| Stepping randomly (stuck).
  9618 | D:12     | 9618 ||| Stepping randomly (stuck).
  9619 | D:12     | 9619 ||| Stepping randomly (stuck).
  9620 | D:12     | 9620 ||| Stepping randomly (stuck).
  9621 | D:12     | 9621 ||| Stepping randomly (stuck).
  9622 | D:12     | 9622 ||| Stepping randomly (stuck).
  9623 | D:12     | 9623 ||| Stepping randomly (stuck).
  9624 | D:12     | 9624 ||| Stepping randomly (stuck).
  9625 | D:12     | 9625 ||| Stepping randomly (stuck).
  9626 | D:12     | 9626 ||| Stepping randomly (stuck).
  9627 | D:12     | 9627 ||| Stepping randomly (stuck).
  9628 | D:12     | 9628 ||| Stepping randomly (stuck).
  9629 | D:12     | 9629 ||| Stepping randomly (stuck).
  9630 | D:12     | 9630 ||| Stepping randomly (stuck).
  9631 | D:12     | 9631 ||| Stepping randomly (stuck).
  9632 | D:12     | 9632 ||| Stepping randomly (stuck).
  9633 | D:12     | 9633 ||| Stepping randomly (stuck).
  9634 | D:12     | 9634 ||| Stepping randomly (stuck).
  9635 | D:12     | 9635 ||| Stepping randomly (stuck).
  9636 | D:12     | 9636 ||| Stepping randomly (stuck).
  9637 | D:12     | 9637 ||| Stepping randomly (stuck).
  9638 | D:12     | 9638 ||| Stepping randomly (stuck).
  9639 | D:12     | 9639 ||| Stepping randomly (stuck).
  9640 | D:12     | 9640 ||| Stepping randomly (stuck).
  9641 | D:12     | 9641 ||| Stepping randomly (stuck).
  9642 | D:12     | 9642 ||| Stepping randomly (stuck).
  9643 | D:12     | 9643 ||| Stepping randomly (stuck).
  9644 | D:12     | 9644 ||| Stepping randomly (stuck).
  9645 | D:12     | 9645 ||| Stepping randomly (stuck).
  9646 | D:12     | 9646 ||| Stepping randomly (stuck).
  9647 | D:12     | 9647 ||| Stepping randomly (stuck).
  9648 | D:12     | 9648 ||| Stepping randomly (stuck).
  9649 | D:12     | 9649 ||| Stepping randomly (stuck).
  9650 | D:12     | 9650 ||| Stepping randomly (stuck).
  9651 | D:12     | 9651 ||| Stepping randomly (stuck).
  9652 | D:12     | 9652 ||| Stepping randomly (stuck).
  9653 | D:12     | 9653 ||| Stepping randomly (stuck).
  9654 | D:12     | 9654 ||| Stepping randomly (stuck).
  9655 | D:12     | 9655 ||| Stepping randomly (stuck).
  9656 | D:12     | 9656 ||| Stepping randomly (stuck).
  9657 | D:12     | 9657 ||| Stepping randomly (stuck).
  9658 | D:12     | 9658 ||| Stepping randomly (stuck).
  9659 | D:12     | 9659 ||| Stepping randomly (stuck).
  9660 | D:12     | 9660 ||| Stepping randomly (stuck).
  9661 | D:12     | 9661 ||| Stepping randomly (stuck).
  9662 | D:12     | 9662 ||| Stepping randomly (stuck).
  9663 | D:12     | 9663 ||| Stepping randomly (stuck).
  9664 | D:12     | 9664 ||| Stepping randomly (stuck).
  9665 | D:12     | 9665 ||| Stepping randomly (stuck).
  9666 | D:12     | 9666 ||| Stepping randomly (stuck).
  9667 | D:12     | 9667 ||| Stepping randomly (stuck).
  9668 | D:12     | 9668 ||| Stepping randomly (stuck).
  9669 | D:12     | 9669 ||| Stepping randomly (stuck).
  9670 | D:12     | 9670 ||| Stepping randomly (stuck).
  9671 | D:12     | 9671 ||| Stepping randomly (stuck).
  9672 | D:12     | 9672 ||| Stepping randomly (stuck).
  9673 | D:12     | 9673 ||| Stepping randomly (stuck).
  9674 | D:12     | 9674 ||| Stepping randomly (stuck).
  9675 | D:12     | 9675 ||| Stepping randomly (stuck).
  9677 | D:12     | 9677 ||| Stepping randomly (stuck).
  9678 | D:12     | 9678 ||| Stepping randomly (stuck).
  9679 | D:12     | 9679 ||| Stepping randomly (stuck).
  9680 | D:12     | 9680 ||| Stepping randomly (stuck).
  9681 | D:12     | 9681 ||| Stepping randomly (stuck).
  9682 | D:12     | 9682 ||| Stepping randomly (stuck).
  9683 | D:12     | 9683 ||| Stepping randomly (stuck).
  9684 | D:12     | 9684 ||| Stepping randomly (stuck).
  9685 | D:12     | 9685 ||| Stepping randomly (stuck).
  9686 | D:12     | 9686 ||| Stepping randomly (stuck).
  9687 | D:12     | 9687 ||| Stepping randomly (stuck).
  9688 | D:12     | 9688 ||| Stepping randomly (stuck).
  9689 | D:12     | 9689 ||| Stepping randomly (stuck).
  9690 | D:12     | 9690 ||| Stepping randomly (stuck).
  9691 | D:12     | 9691 ||| Stepping randomly (stuck).
  9692 | D:12     | 9692 ||| Stepping randomly (stuck).
  9693 | D:12     | 9693 ||| Stepping randomly (stuck).
  9694 | D:12     | 9694 ||| Stepping randomly (stuck).
  9695 | D:12     | 9695 ||| Stepping randomly (stuck).
  9696 | D:12     | 9696 ||| Stepping randomly (stuck).
  9697 | D:12     | 9697 ||| Stepping randomly (stuck).
  9698 | D:12     | 9698 ||| Stepping randomly (stuck).
  9699 | D:12     | 9699 ||| Stepping randomly (stuck).
  9700 | D:12     | 9700 ||| Stepping randomly (stuck).
  9701 | D:12     | 9701 ||| Stepping randomly (stuck).
  9702 | D:12     | 9702 ||| Stepping randomly (stuck).
  9703 | D:12     | 9703 ||| Stepping randomly (stuck).
  9704 | D:12     | 9704 ||| Stepping randomly (stuck).
  9705 | D:12     | 9705 ||| Stepping randomly (stuck).
  9706 | D:12     | 9706 ||| Stepping randomly (stuck).
  9707 | D:12     | 9707 ||| Stepping randomly (stuck).
  9708 | D:12     | 9708 ||| Stepping randomly (stuck).
  9709 | D:12     | 9709 ||| Stepping randomly (stuck).
  9710 | D:12     | 9710 ||| Stepping randomly (stuck).
  9711 | D:12     | 9711 ||| Stepping randomly (stuck).
  9712 | D:12     | 9712 ||| Stepping randomly (stuck).
  9713 | D:12     | 9713 ||| Stepping randomly (stuck).
  9714 | D:12     | 9714 ||| Stepping randomly (stuck).
  9715 | D:12     | 9715 ||| Stepping randomly (stuck).
  9716 | D:12     | 9716 ||| Stepping randomly (stuck).
  9717 | D:12     | 9717 ||| Stepping randomly (stuck).
  9718 | D:12     | 9718 ||| Stepping randomly (stuck).
  9719 | D:12     | 9719 ||| Stepping randomly (stuck).
  9720 | D:12     | 9720 ||| Stepping randomly (stuck).
  9721 | D:12     | 9721 ||| Stepping randomly (stuck).
  9722 | D:12     | 9722 ||| Stepping randomly (stuck).
  9723 | D:12     | 9723 ||| Stepping randomly (stuck).
  9724 | D:12     | 9724 ||| Stepping randomly (stuck).
  9725 | D:12     | 9725 ||| Stepping randomly (stuck).
  9726 | D:12     | 9726 ||| Stepping randomly (stuck).
  9727 | D:12     | 9727 ||| Stepping randomly (stuck).
  9728 | D:12     | 9728 ||| Stepping randomly (stuck).
  9729 | D:12     | 9729 ||| Stepping randomly (stuck).
  9730 | D:12     | 9730 ||| Stepping randomly (stuck).
  9731 | D:12     | 9731 ||| Stepping randomly (stuck).
  9732 | D:12     | 9732 ||| Stepping randomly (stuck).
  9733 | D:12     | 9733 ||| Stepping randomly (stuck).
  9734 | D:12     | 9734 ||| Stepping randomly (stuck).
  9735 | D:12     | 9735 ||| Stepping randomly (stuck).
  9736 | D:12     | 9736 ||| Stepping randomly (stuck).
  9737 | D:12     | 9737 ||| Stepping randomly (stuck).
  9738 | D:12     | 9738 ||| Stepping randomly (stuck).
  9739 | D:12     | 9739 ||| Stepping randomly (stuck).
  9740 | D:12     | 9740 ||| Stepping randomly (stuck).
  9741 | D:12     | 9741 ||| Stepping randomly (stuck).
  9742 | D:12     | 9742 ||| Stepping randomly (stuck).
  9743 | D:12     | 9743 ||| Stepping randomly (stuck).
  9744 | D:12     | 9744 ||| Stepping randomly (stuck).
  9745 | D:12     | 9745 ||| Stepping randomly (stuck).
  9746 | D:12     | 9746 ||| Stepping randomly (stuck).
  9747 | D:12     | 9747 ||| Stepping randomly (stuck).
  9748 | D:12     | 9748 ||| Stepping randomly (stuck).
  9749 | D:12     | 9749 ||| Stepping randomly (stuck).
  9750 | D:12     | 9750 ||| Stepping randomly (stuck).
  9751 | D:12     | 9751 ||| Stepping randomly (stuck).
  9752 | D:12     | 9752 ||| Stepping randomly (stuck).
  9753 | D:12     | 9753 ||| Stepping randomly (stuck).
  9754 | D:12     | 9754 ||| Stepping randomly (stuck).
  9755 | D:12     | 9755 ||| Stepping randomly (stuck).
  9756 | D:12     | 9756 ||| Stepping randomly (stuck).
  9757 | D:12     | 9757 ||| Stepping randomly (stuck).
  9758 | D:12     | 9758 ||| Stepping randomly (stuck).
  9759 | D:12     | 9759 ||| Stepping randomly (stuck).
  9760 | D:12     | 9760 ||| Stepping randomly (stuck).
  9761 | D:12     | 9761 ||| Stepping randomly (stuck).
  9762 | D:12     | 9762 ||| Stepping randomly (stuck).
  9763 | D:12     | 9763 ||| Stepping randomly (stuck).
  9764 | D:12     | 9764 ||| Stepping randomly (stuck).
  9765 | D:12     | 9765 ||| Stepping randomly (stuck).
  9766 | D:12     | 9766 ||| Stepping randomly (stuck).
  9767 | D:12     | 9767 ||| Stepping randomly (stuck).
  9768 | D:12     | 9768 ||| Stepping randomly (stuck).
  9769 | D:12     | 9769 ||| Stepping randomly (stuck).
  9770 | D:12     | 9770 ||| Stepping randomly (stuck).
  9771 | D:12     | 9771 ||| Stepping randomly (stuck).
  9772 | D:12     | 9772 ||| Stepping randomly (stuck).
  9773 | D:12     | 9773 ||| Stepping randomly (stuck).
  9774 | D:12     | 9774 ||| Stepping randomly (stuck).
  9775 | D:12     | 9775 ||| Stepping randomly (stuck).
  9776 | D:12     | 9776 ||| Stepping randomly (stuck).
  9777 | D:12     | 9777 ||| Stepping randomly (stuck).
  9778 | D:12     | 9778 ||| Stepping randomly (stuck).
  9779 | D:12     | 9779 ||| Stepping randomly (stuck).
  9780 | D:12     | 9780 ||| Stepping randomly (stuck).
  9781 | D:12     | 9781 ||| Stepping randomly (stuck).
  9782 | D:12     | 9782 ||| Stepping randomly (stuck).
  9783 | D:12     | 9783 ||| Stepping randomly (stuck).
  9784 | D:12     | 9784 ||| Stepping randomly (stuck).
  9785 | D:12     | 9785 ||| Stepping randomly (stuck).
  9786 | D:12     | 9786 ||| Stepping randomly (stuck).
  9787 | D:12     | 9787 ||| Stepping randomly (stuck).
  9788 | D:12     | 9788 ||| Stepping randomly (stuck).
  9789 | D:12     | 9789 ||| Stepping randomly (stuck).
  9790 | D:12     | 9790 ||| Stepping randomly (stuck).
  9791 | D:12     | 9791 ||| Stepping randomly (stuck).
  9792 | D:12     | 9792 ||| Stepping randomly (stuck).
  9793 | D:12     | 9793 ||| Stepping randomly (stuck).
  9794 | D:12     | 9794 ||| Stepping randomly (stuck).
  9795 | D:12     | 9795 ||| Stepping randomly (stuck).
  9796 | D:12     | 9796 ||| Stepping randomly (stuck).
  9797 | D:12     | 9797 ||| Stepping randomly (stuck).
  9798 | D:12     | 9798 ||| Stepping randomly (stuck).
  9799 | D:12     | 9799 ||| Stepping randomly (stuck).
  9800 | D:12     | 9800 ||| Stepping randomly (stuck).
  9801 | D:12     | 9801 ||| Stepping randomly (stuck).
  9802 | D:12     | 9802 ||| Stepping randomly (stuck).
  9803 | D:12     | 9803 ||| Stepping randomly (stuck).
  9804 | D:12     | 9804 ||| Stepping randomly (stuck).
  9805 | D:12     | 9805 ||| Stepping randomly (stuck).
  9806 | D:12     | 9806 ||| Stepping randomly (stuck).
  9807 | D:12     | 9807 ||| Stepping randomly (stuck).
  9808 | D:12     | 9808 ||| Stepping randomly (stuck).
  9809 | D:12     | 9809 ||| Stepping randomly (stuck).
  9810 | D:12     | 9810 ||| Stepping randomly (stuck).
  9811 | D:12     | 9811 ||| Stepping randomly (stuck).
  9812 | D:12     | 9812 ||| Stepping randomly (stuck).
  9813 | D:12     | 9813 ||| Stepping randomly (stuck).
  9814 | D:12     | 9814 ||| Stepping randomly (stuck).
  9815 | D:12     | 9815 ||| Stepping randomly (stuck).
  9816 | D:12     | 9816 ||| Stepping randomly (stuck).
  9817 | D:12     | 9817 ||| Stepping randomly (stuck).
  9818 | D:12     | 9818 ||| Stepping randomly (stuck).
  9819 | D:12     | 9819 ||| Stepping randomly (stuck).
  9820 | D:12     | 9820 ||| Stepping randomly (stuck).
  9821 | D:12     | 9821 ||| Stepping randomly (stuck).
  9822 | D:12     | 9822 ||| Stepping randomly (stuck).
  9823 | D:12     | 9823 ||| Stepping randomly (stuck).
  9824 | D:12     | 9824 ||| Stepping randomly (stuck).
  9825 | D:12     | 9825 ||| Stepping randomly (stuck).
  9826 | D:12     | 9826 ||| Stepping randomly (stuck).
  9827 | D:12     | 9827 ||| Stepping randomly (stuck).
  9828 | D:12     | 9828 ||| Stepping randomly (stuck).
  9829 | D:12     | 9829 ||| Stepping randomly (stuck).
  9830 | D:12     | 9830 ||| Stepping randomly (stuck).
  9831 | D:12     | 9831 ||| Stepping randomly (stuck).
  9832 | D:12     | 9832 ||| Stepping randomly (stuck).
  9833 | D:12     | 9833 ||| Stepping randomly (stuck).
  9834 | D:12     | 9834 ||| Stepping randomly (stuck).
  9835 | D:12     | 9835 ||| Stepping randomly (stuck).
  9836 | D:12     | 9836 ||| Stepping randomly (stuck).
  9837 | D:12     | 9837 ||| Stepping randomly (stuck).
  9838 | D:12     | 9838 ||| Stepping randomly (stuck).
  9839 | D:12     | 9839 ||| Stepping randomly (stuck).
  9840 | D:12     | 9840 ||| Stepping randomly (stuck).
  9841 | D:12     | 9841 ||| Stepping randomly (stuck).
  9842 | D:12     | 9842 ||| Stepping randomly (stuck).
  9843 | D:12     | 9843 ||| Stepping randomly (stuck).
  9844 | D:12     | 9844 ||| Stepping randomly (stuck).
  9845 | D:12     | 9845 ||| Stepping randomly (stuck).
  9846 | D:12     | 9846 ||| Stepping randomly (stuck).
  9847 | D:12     | 9847 ||| Stepping randomly (stuck).
  9848 | D:12     | 9848 ||| Stepping randomly (stuck).
  9849 | D:12     | 9849 ||| Stepping randomly (stuck).
  9850 | D:12     | 9850 ||| Stepping randomly (stuck).
  9851 | D:12     | 9851 ||| Stepping randomly (stuck).
  9852 | D:12     | 9852 ||| Stepping randomly (stuck).
  9853 | D:12     | 9853 ||| Stepping randomly (stuck).
  9854 | D:12     | 9854 ||| Stepping randomly (stuck).
  9855 | D:12     | 9855 ||| Stepping randomly (stuck).
  9856 | D:12     | 9856 ||| Stepping randomly (stuck).
  9857 | D:12     | 9857 ||| Stepping randomly (stuck).
  9858 | D:12     | 9858 ||| Stepping randomly (stuck).
  9859 | D:12     | 9859 ||| Stepping randomly (stuck).
  9860 | D:12     | 9860 ||| Stepping randomly (stuck).
  9861 | D:12     | 9861 ||| Stepping randomly (stuck).
  9862 | D:12     | 9862 ||| Stepping randomly (stuck).
  9863 | D:12     | 9863 ||| Stepping randomly (stuck).
  9864 | D:12     | 9864 ||| Stepping randomly (stuck).
  9865 | D:12     | 9865 ||| Stepping randomly (stuck).
  9866 | D:12     | 9866 ||| Stepping randomly (stuck).
  9867 | D:12     | 9867 ||| Stepping randomly (stuck).
  9868 | D:12     | 9868 ||| Stepping randomly (stuck).
  9869 | D:12     | 9869 ||| Stepping randomly (stuck).
  9870 | D:12     | 9870 ||| Stepping randomly (stuck).
  9871 | D:12     | 9871 ||| Stepping randomly (stuck).
  9872 | D:12     | 9872 ||| Stepping randomly (stuck).
  9873 | D:12     | 9873 ||| Stepping randomly (stuck).
  9874 | D:12     | 9874 ||| Stepping randomly (stuck).
  9875 | D:12     | 9875 ||| Stepping randomly (stuck).
  9876 | D:12     | 9876 ||| Stepping randomly (stuck).
  9877 | D:12     | 9877 ||| Stepping randomly (stuck).
  9878 | D:12     | 9878 ||| Stepping randomly (stuck).
  9879 | D:12     | 9879 ||| Stepping randomly (stuck).
  9880 | D:12     | 9880 ||| Stepping randomly (stuck).
  9881 | D:12     | 9881 ||| Stepping randomly (stuck).
  9882 | D:12     | 9882 ||| Stepping randomly (stuck).
  9883 | D:12     | 9883 ||| Stepping randomly (stuck).
  9884 | D:12     | 9884 ||| Stepping randomly (stuck).
  9885 | D:12     | 9885 ||| Stepping randomly (stuck).
  9886 | D:12     | 9886 ||| Stepping randomly (stuck).
  9887 | D:12     | 9887 ||| Stepping randomly (stuck).
  9888 | D:12     | 9888 ||| Stepping randomly (stuck).
  9889 | D:12     | 9889 ||| Stepping randomly (stuck).
  9890 | D:12     | 9890 ||| Stepping randomly (stuck).
  9891 | D:12     | 9891 ||| Stepping randomly (stuck).
  9892 | D:12     | 9892 ||| Stepping randomly (stuck).
  9893 | D:12     | 9893 ||| Stepping randomly (stuck).
  9894 | D:12     | 9894 ||| Stepping randomly (stuck).
  9895 | D:12     | 9895 ||| Stepping randomly (stuck).
  9896 | D:12     | 9896 ||| Stepping randomly (stuck).
  9897 | D:12     | 9897 ||| Stepping randomly (stuck).
  9898 | D:12     | 9898 ||| Stepping randomly (stuck).
  9899 | D:12     | 9899 ||| Stepping randomly (stuck).
  9900 | D:12     | 9900 ||| Stepping randomly (stuck).
  9901 | D:12     | 9901 ||| Stepping randomly (stuck).
  9902 | D:12     | 9902 ||| Stepping randomly (stuck).
  9903 | D:12     | 9903 ||| Stepping randomly (stuck).
  9904 | D:12     | 9904 ||| Stepping randomly (stuck).
  9905 | D:12     | 9905 ||| Stepping randomly (stuck).
  9906 | D:12     | 9906 ||| Stepping randomly (stuck).
  9907 | D:12     | 9907 ||| Stepping randomly (stuck).
  9908 | D:12     | 9908 ||| Stepping randomly (stuck).
  9909 | D:12     | 9909 ||| Stepping randomly (stuck).
  9910 | D:12     | 9910 ||| Stepping randomly (stuck).
  9911 | D:12     | 9911 ||| Stepping randomly (stuck).
  9912 | D:12     | 9912 ||| Stepping randomly (stuck).
  9913 | D:12     | 9913 ||| Stepping randomly (stuck).
  9914 | D:12     | 9914 ||| Stepping randomly (stuck).
  9915 | D:12     | 9915 ||| Stepping randomly (stuck).
  9916 | D:12     | 9916 ||| Stepping randomly (stuck).
  9917 | D:12     | 9917 ||| Stepping randomly (stuck).
  9918 | D:12     | 9918 ||| Stepping randomly (stuck).
  9919 | D:12     | 9919 ||| Stepping randomly (stuck).
  9920 | D:12     | 9920 ||| Stepping randomly (stuck).
  9921 | D:12     | 9921 ||| Stepping randomly (stuck).
  9922 | D:12     | 9922 ||| Stepping randomly (stuck).
  9923 | D:12     | 9923 ||| Stepping randomly (stuck).
  9924 | D:12     | 9924 ||| Stepping randomly (stuck).
  9925 | D:12     | 9925 ||| Stepping randomly (stuck).
  9926 | D:12     | 9926 ||| Stepping randomly (stuck).
  9927 | D:12     | 9927 ||| Stepping randomly (stuck).
  9928 | D:12     | 9928 ||| Stepping randomly (stuck).
  9929 | D:12     | 9929 ||| Stepping randomly (stuck).
  9930 | D:12     | 9930 ||| Stepping randomly (stuck).
  9931 | D:12     | 9931 ||| Stepping randomly (stuck).
  9932 | D:12     | 9932 ||| Stepping randomly (stuck).
  9933 | D:12     | 9933 ||| Stepping randomly (stuck).
  9934 | D:12     | 9934 ||| Stepping randomly (stuck).
  9935 | D:12     | 9935 ||| Stepping randomly (stuck).
  9936 | D:12     | 9936 ||| Stepping randomly (stuck).
  9937 | D:12     | 9937 ||| Stepping randomly (stuck).
  9938 | D:12     | 9938 ||| Stepping randomly (stuck).
  9939 | D:12     | 9939 ||| Stepping randomly (stuck).
  9940 | D:12     | 9940 ||| Stepping randomly (stuck).
  9941 | D:12     | 9941 ||| Stepping randomly (stuck).
  9942 | D:12     | 9942 ||| Stepping randomly (stuck).
  9943 | D:12     | 9943 ||| Stepping randomly (stuck).
  9944 | D:12     | 9944 ||| Stepping randomly (stuck).
  9945 | D:12     | 9945 ||| Stepping randomly (stuck).
  9946 | D:12     | 9946 ||| Stepping randomly (stuck).
  9947 | D:12     | 9947 ||| Stepping randomly (stuck).
  9948 | D:12     | 9948 ||| Stepping randomly (stuck).
  9949 | D:12     | 9949 ||| Stepping randomly (stuck).
  9950 | D:12     | 9950 ||| Stepping randomly (stuck).
  9951 | D:12     | 9951 ||| Stepping randomly (stuck).
  9952 | D:12     | 9952 ||| Stepping randomly (stuck).
  9953 | D:12     | 9953 ||| Stepping randomly (stuck).
  9954 | D:12     | 9954 ||| Stepping randomly (stuck).
  9955 | D:12     | 9955 ||| Stepping randomly (stuck).
  9956 | D:12     | 9956 ||| Stepping randomly (stuck).
  9957 | D:12     | 9957 ||| Stepping randomly (stuck).
  9958 | D:12     | 9958 ||| Stepping randomly (stuck).
  9959 | D:12     | 9959 ||| Stepping randomly (stuck).
  9960 | D:12     | 9960 ||| Stepping randomly (stuck).
  9961 | D:12     | 9961 ||| Stepping randomly (stuck).
  9962 | D:12     | 9962 ||| Stepping randomly (stuck).
  9963 | D:12     | 9963 ||| Stepping randomly (stuck).
  9964 | D:12     | 9964 ||| Stepping randomly (stuck).
  9965 | D:12     | 9965 ||| Stepping randomly (stuck).
  9966 | D:12     | 9966 ||| Stepping randomly (stuck).
  9967 | D:12     | 9967 ||| Stepping randomly (stuck).
  9968 | D:12     | 9968 ||| Stepping randomly (stuck).
  9969 | D:12     | 9969 ||| Stepping randomly (stuck).
  9970 | D:12     | 9970 ||| Stepping randomly (stuck).
  9971 | D:12     | 9971 ||| Stepping randomly (stuck).
  9972 | D:12     | 9972 ||| Stepping randomly (stuck).
  9973 | D:12     | 9973 ||| Stepping randomly (stuck).
  9974 | D:12     | 9974 ||| Stepping randomly (stuck).
  9975 | D:12     | 9975 ||| Stepping randomly (stuck).
  9976 | D:12     | 9976 ||| Stepping randomly (stuck).
  9977 | D:12     | 9977 ||| Stepping randomly (stuck).
  9978 | D:12     | 9978 ||| Stepping randomly (stuck).
  9979 | D:12     | 9979 ||| Stepping randomly (stuck).
  9980 | D:12     | 9980 ||| Stepping randomly (stuck).
  9981 | D:12     | 9981 ||| Stepping randomly (stuck).
  9982 | D:12     | 9982 ||| Stepping randomly (stuck).
  9983 | D:12     | 9983 ||| Stepping randomly (stuck).
  9984 | D:12     | 9984 ||| Stepping randomly (stuck).
  9985 | D:12     | 9985 ||| Stepping randomly (stuck).
  9986 | D:12     | 9986 ||| Stepping randomly (stuck).
  9987 | D:12     | 9987 ||| Stepping randomly (stuck).
  9988 | D:12     | 9988 ||| Stepping randomly (stuck).
  9989 | D:12     | 9989 ||| Stepping randomly (stuck).
  9990 | D:12     | 9990 ||| Stepping randomly (stuck).
  9991 | D:12     | 9991 ||| Stepping randomly (stuck).
  9992 | D:12     | 9992 ||| Stepping randomly (stuck).
  9993 | D:12     | 9993 ||| Stepping randomly (stuck).
  9994 | D:12     | 9994 ||| Stepping randomly (stuck).
  9995 | D:12     | 9995 ||| Stepping randomly (stuck).
  9996 | D:12     | 9996 ||| Stepping randomly (stuck).
  9997 | D:12     | 9997 ||| Stepping randomly (stuck).
  9998 | D:12     | 9998 ||| Stepping randomly (stuck).
  9999 | D:12     | 9999 ||| Stepping randomly (stuck).
 10000 | D:12     | 10000 ||| Stepping randomly (stuck).
 10001 | D:12     | 10001 ||| Stepping randomly (stuck).
 10002 | D:12     | 10002 ||| Stepping randomly (stuck).
 10003 | D:12     | 10003 ||| Stepping randomly (stuck).
 10004 | D:12     | 10004 ||| Stepping randomly (stuck).
 10005 | D:12     | 10005 ||| Stepping randomly (stuck).
 10006 | D:12     | 10006 ||| Stepping randomly (stuck).
 10007 | D:12     | 10007 ||| Stepping randomly (stuck).
 10008 | D:12     | 10008 ||| Stepping randomly (stuck).
 10009 | D:12     | 10009 ||| Stepping randomly (stuck).
 10010 | D:12     | 10010 ||| Stepping randomly (stuck).
 10011 | D:12     | 10011 ||| Stepping randomly (stuck).
 10012 | D:12     | 10012 ||| Stepping randomly (stuck).
 10013 | D:12     | 10013 ||| Stepping randomly (stuck).
 10014 | D:12     | 10014 ||| Stepping randomly (stuck).
 10015 | D:12     | 10015 ||| Stepping randomly (stuck).
 10016 | D:12     | 10016 ||| Stepping randomly (stuck).
 10017 | D:12     | 10017 ||| Stepping randomly (stuck).
 10018 | D:12     | 10018 ||| Stepping randomly (stuck).
 10019 | D:12     | 10019 ||| Stepping randomly (stuck).
 10020 | D:12     | 10020 ||| Stepping randomly (stuck).
 10021 | D:12     | 10021 ||| Stepping randomly (stuck).
 10022 | D:12     | 10022 ||| Stepping randomly (stuck).
 10023 | D:12     | 10023 ||| Stepping randomly (stuck).
 10024 | D:12     | 10024 ||| Stepping randomly (stuck).
 10025 | D:12     | 10025 ||| Stepping randomly (stuck).
 10026 | D:12     | 10026 ||| Stepping randomly (stuck).
 10027 | D:12     | 10027 ||| Stepping randomly (stuck).
 10028 | D:12     | 10028 ||| Stepping randomly (stuck).
 10029 | D:12     | 10029 ||| Stepping randomly (stuck).
 10030 | D:12     | 10030 ||| Stepping randomly (stuck).
 10031 | D:12     | 10031 ||| Stepping randomly (stuck).
 10032 | D:12     | 10032 ||| Stepping randomly (stuck).
 10033 | D:12     | 10033 ||| Stepping randomly (stuck).
 10034 | D:12     | 10034 ||| Stepping randomly (stuck).
 10035 | D:12     | 10035 ||| Stepping randomly (stuck).
 10036 | D:12     | 10036 ||| Stepping randomly (stuck).
 10037 | D:12     | 10037 ||| Stepping randomly (stuck).
 10038 | D:12     | 10038 ||| Stepping randomly (stuck).
 10039 | D:12     | 10039 ||| Stepping randomly (stuck).
 10040 | D:12     | 10040 ||| Stepping randomly (stuck).
 10041 | D:12     | 10041 ||| Stepping randomly (stuck).
 10042 | D:12     | 10042 ||| Stepping randomly (stuck).
 10043 | D:12     | 10043 ||| Stepping randomly (stuck).
 10044 | D:12     | 10044 ||| Stepping randomly (stuck).
 10045 | D:12     | 10045 ||| Stepping randomly (stuck).
 10046 | D:12     | 10046 ||| Stepping randomly (stuck).
 10047 | D:12     | 10047 ||| Stepping randomly (stuck).
 10048 | D:12     | 10048 ||| Stepping randomly (stuck).
 10049 | D:12     | 10049 ||| Stepping randomly (stuck).
 10050 | D:12     | 10050 ||| Stepping randomly (stuck).
 10051 | D:12     | 10051 ||| Stepping randomly (stuck).
 10052 | D:12     | 10052 ||| Stepping randomly (stuck).
 10053 | D:12     | 10053 ||| Stepping randomly (stuck).
 10054 | D:12     | 10054 ||| Stepping randomly (stuck).
 10055 | D:12     | 10055 ||| Stepping randomly (stuck).
 10056 | D:12     | 10056 ||| Stepping randomly (stuck).
 10057 | D:12     | 10057 ||| Stepping randomly (stuck).
 10058 | D:12     | 10058 ||| Stepping randomly (stuck).
 10059 | D:12     | 10059 ||| Stepping randomly (stuck).
 10060 | D:12     | 10060 ||| Stepping randomly (stuck).
 10061 | D:12     | 10061 ||| Stepping randomly (stuck).
 10062 | D:12     | 10062 ||| Stepping randomly (stuck).
 10063 | D:12     | 10063 ||| Stepping randomly (stuck).
 10064 | D:12     | 10064 ||| Stepping randomly (stuck).
 10065 | D:12     | 10065 ||| Stepping randomly (stuck).
 10066 | D:12     | 10066 ||| Stepping randomly (stuck).
 10067 | D:12     | 10067 ||| Stepping randomly (stuck).
 10068 | D:12     | 10068 ||| Stepping randomly (stuck).
 10069 | D:12     | 10069 ||| Stepping randomly (stuck).
 10070 | D:12     | 10070 ||| Stepping randomly (stuck).
 10071 | D:12     | 10071 ||| Stepping randomly (stuck).
 10072 | D:12     | 10072 ||| Stepping randomly (stuck).
 10073 | D:12     | 10073 ||| Stepping randomly (stuck).
 10074 | D:12     | 10074 ||| Stepping randomly (stuck).
 10075 | D:12     | 10075 ||| Stepping randomly (stuck).
 10076 | D:12     | 10076 ||| Stepping randomly (stuck).
 10077 | D:12     | 10077 ||| Stepping randomly (stuck).
 10078 | D:12     | 10078 ||| Stepping randomly (stuck).
 10079 | D:12     | 10079 ||| Stepping randomly (stuck).
 10080 | D:12     | 10080 ||| Stepping randomly (stuck).
 10081 | D:12     | 10081 ||| Stepping randomly (stuck).
 10082 | D:12     | 10082 ||| Stepping randomly (stuck).
 10083 | D:12     | 10083 ||| Stepping randomly (stuck).
 10084 | D:12     | 10084 ||| Stepping randomly (stuck).
 10085 | D:12     | 10085 ||| Stepping randomly (stuck).
 10086 | D:12     | 10086 ||| Stepping randomly (stuck).
 10087 | D:12     | 10087 ||| Stepping randomly (stuck).
 10088 | D:12     | 10088 ||| Stepping randomly (stuck).
 10089 | D:12     | 10089 ||| Stepping randomly (stuck).
 10090 | D:12     | 10090 ||| Stepping randomly (stuck).
 10091 | D:12     | 10091 ||| Stepping randomly (stuck).
 10092 | D:12     | 10092 ||| Stepping randomly (stuck).
 10093 | D:12     | 10093 ||| Stepping randomly (stuck).
 10094 | D:12     | 10094 ||| Stepping randomly (stuck).
 10095 | D:12     | 10095 ||| Stepping randomly (stuck).
 10096 | D:12     | 10096 ||| Stepping randomly (stuck).
 10097 | D:12     | 10097 ||| Stepping randomly (stuck).
 10098 | D:12     | 10098 ||| Stepping randomly (stuck).
 10099 | D:12     | 10099 ||| Stepping randomly (stuck).
 10100 | D:12     | 10100 ||| Stepping randomly (stuck).
 10101 | D:12     | 10101 ||| Stepping randomly (stuck).
 10102 | D:12     | 10102 ||| Stepping randomly (stuck).
 10103 | D:12     | 10103 ||| Stepping randomly (stuck).
 10104 | D:12     | 10104 ||| Stepping randomly (stuck).
 10105 | D:12     | 10105 ||| Stepping randomly (stuck).
 10106 | D:12     | 10106 ||| Stepping randomly (stuck).
 10107 | D:12     | 10107 ||| Stepping randomly (stuck).
 10108 | D:12     | 10108 ||| Stepping randomly (stuck).
 10109 | D:12     | 10109 ||| Stepping randomly (stuck).
 10110 | D:12     | 10110 ||| Stepping randomly (stuck).
 10111 | D:12     | 10111 ||| Stepping randomly (stuck).
 10112 | D:12     | 10112 ||| Stepping randomly (stuck).
 10113 | D:12     | 10113 ||| Stepping randomly (stuck).
 10114 | D:12     | 10114 ||| Stepping randomly (stuck).
 10115 | D:12     | 10115 ||| Stepping randomly (stuck).
 10116 | D:12     | 10116 ||| Stepping randomly (stuck).
 10117 | D:12     | 10117 ||| Stepping randomly (stuck).
 10118 | D:12     | 10118 ||| Stepping randomly (stuck).
 10119 | D:12     | 10119 ||| Stepping randomly (stuck).
 10120 | D:12     | 10120 ||| Stepping randomly (stuck).
 10121 | D:12     | 10121 ||| Stepping randomly (stuck).
 10122 | D:12     | 10122 ||| Stepping randomly (stuck).
 10123 | D:12     | 10123 ||| Stepping randomly (stuck).
 10124 | D:12     | 10124 ||| Stepping randomly (stuck).
 10125 | D:12     | 10125 ||| Stepping randomly (stuck).
 10126 | D:12     | 10126 ||| Stepping randomly (stuck).
 10127 | D:12     | 10127 ||| Stepping randomly (stuck).
 10128 | D:12     | 10128 ||| Stepping randomly (stuck).
 10129 | D:12     | 10129 ||| Stepping randomly (stuck).
 10130 | D:12     | 10130 ||| Stepping randomly (stuck).
 10131 | D:12     | 10131 ||| Stepping randomly (stuck).
 10132 | D:12     | 10132 ||| Stepping randomly (stuck).
 10133 | D:12     | 10133 ||| Stepping randomly (stuck).
 10134 | D:12     | 10134 ||| Stepping randomly (stuck).
 10135 | D:12     | 10135 ||| Stepping randomly (stuck).
 10136 | D:12     | 10136 ||| Stepping randomly (stuck).
 10137 | D:12     | 10137 ||| Stepping randomly (stuck).
 10138 | D:12     | 10138 ||| Stepping randomly (stuck).
 10139 | D:12     | 10139 ||| Stepping randomly (stuck).
 10140 | D:12     | 10140 ||| Stepping randomly (stuck).
 10141 | D:12     | 10141 ||| Stepping randomly (stuck).
 10142 | D:12     | 10142 ||| Stepping randomly (stuck).
 10143 | D:12     | 10143 ||| Stepping randomly (stuck).
 10144 | D:12     | 10144 ||| Stepping randomly (stuck).
 10145 | D:12     | 10145 ||| Stepping randomly (stuck).
 10146 | D:12     | 10146 ||| Stepping randomly (stuck).
 10147 | D:12     | 10147 ||| Stepping randomly (stuck).
 10148 | D:12     | 10148 ||| Stepping randomly (stuck).
 10149 | D:12     | 10149 ||| Stepping randomly (stuck).
 10150 | D:12     | 10150 ||| Stepping randomly (stuck).
 10151 | D:12     | 10151 ||| Stepping randomly (stuck).
 10152 | D:12     | 10152 ||| Stepping randomly (stuck).
 10153 | D:12     | 10153 ||| Stepping randomly (stuck).
 10154 | D:12     | 10154 ||| Stepping randomly (stuck).
 10155 | D:12     | 10155 ||| Stepping randomly (stuck).
 10156 | D:12     | 10156 ||| Stepping randomly (stuck).
 10157 | D:12     | 10157 ||| Stepping randomly (stuck).
 10158 | D:12     | 10158 ||| Stepping randomly (stuck).
 10159 | D:12     | 10159 ||| Stepping randomly (stuck).
 10160 | D:12     | 10160 ||| Stepping randomly (stuck).
 10161 | D:12     | 10161 ||| Stepping randomly (stuck).
 10162 | D:12     | 10162 ||| Stepping randomly (stuck).
 10163 | D:12     | 10163 ||| Stepping randomly (stuck).
 10164 | D:12     | 10164 ||| Stepping randomly (stuck).
 10165 | D:12     | 10165 ||| Stepping randomly (stuck).
 10166 | D:12     | 10166 ||| Stepping randomly (stuck).
 10167 | D:12     | 10167 ||| Stepping randomly (stuck).
 10168 | D:12     | 10168 ||| Stepping randomly (stuck).
 10169 | D:12     | 10169 ||| Stepping randomly (stuck).
 10170 | D:12     | 10170 ||| Stepping randomly (stuck).
 10171 | D:12     | 10171 ||| Stepping randomly (stuck).
 10172 | D:12     | 10172 ||| Stepping randomly (stuck).
 10173 | D:12     | 10173 ||| Stepping randomly (stuck).
 10174 | D:12     | 10174 ||| Stepping randomly (stuck).
 10175 | D:12     | 10175 ||| Stepping randomly (stuck).
 10176 | D:12     | 10176 ||| Stepping randomly (stuck).
 10177 | D:12     | 10177 ||| Stepping randomly (stuck).
 10178 | D:12     | 10178 ||| Stepping randomly (stuck).
 10179 | D:12     | 10179 ||| Stepping randomly (stuck).
 10180 | D:12     | 10180 ||| Stepping randomly (stuck).
 10181 | D:12     | 10181 ||| Stepping randomly (stuck).
 10182 | D:12     | 10182 ||| Stepping randomly (stuck).
 10183 | D:12     | 10183 ||| Stepping randomly (stuck).
 10184 | D:12     | 10184 ||| Stepping randomly (stuck).
 10185 | D:12     | 10185 ||| Stepping randomly (stuck).
 10186 | D:12     | 10186 ||| Stepping randomly (stuck).
 10187 | D:12     | 10187 ||| Stepping randomly (stuck).
 10188 | D:12     | 10188 ||| Stepping randomly (stuck).
 10189 | D:12     | 10189 ||| Stepping randomly (stuck).
 10190 | D:12     | 10190 ||| Stepping randomly (stuck).
 10191 | D:12     | 10191 ||| Stepping randomly (stuck).
 10192 | D:12     | 10192 ||| Stepping randomly (stuck).
 10193 | D:12     | 10193 ||| Stepping randomly (stuck).
 10194 | D:12     | 10194 ||| Stepping randomly (stuck).
 10195 | D:12     | 10195 ||| Stepping randomly (stuck).
 10196 | D:12     | 10196 ||| Stepping randomly (stuck).
 10197 | D:12     | 10197 ||| Stepping randomly (stuck).
 10198 | D:12     | 10198 ||| Stepping randomly (stuck).
 10199 | D:12     | 10199 ||| Stepping randomly (stuck).
 10200 | D:12     | 10200 ||| Stepping randomly (stuck).
 10201 | D:12     | 10201 ||| Stepping randomly (stuck).
 10202 | D:12     | 10202 ||| Stepping randomly (stuck).
 10203 | D:12     | 10203 ||| Stepping randomly (stuck).
 10204 | D:12     | 10204 ||| Stepping randomly (stuck).
 10205 | D:12     | 10205 ||| Stepping randomly (stuck).
 10206 | D:12     | 10206 ||| Stepping randomly (stuck).
 10207 | D:12     | 10207 ||| Stepping randomly (stuck).
 10208 | D:12     | 10208 ||| Stepping randomly (stuck).
 10209 | D:12     | 10209 ||| Stepping randomly (stuck).
 10210 | D:12     | 10210 ||| Stepping randomly (stuck).
 10211 | D:12     | 10211 ||| Stepping randomly (stuck).
 10212 | D:12     | 10212 ||| Stepping randomly (stuck).
 10213 | D:12     | 10213 ||| Stepping randomly (stuck).
 10214 | D:12     | 10214 ||| Stepping randomly (stuck).
 10215 | D:12     | 10215 ||| Stepping randomly (stuck).
 10216 | D:12     | 10216 ||| Stepping randomly (stuck).
 10217 | D:12     | 10217 ||| Stepping randomly (stuck).
 10218 | D:12     | 10218 ||| Stepping randomly (stuck).
 10219 | D:12     | 10219 ||| Stepping randomly (stuck).
 10220 | D:12     | 10220 ||| Stepping randomly (stuck).
 10221 | D:12     | 10221 ||| Stepping randomly (stuck).
 10222 | D:12     | 10222 ||| Stepping randomly (stuck).
 10223 | D:12     | 10223 ||| Stepping randomly (stuck).
 10224 | D:12     | 10224 ||| Stepping randomly (stuck).
 10225 | D:12     | 10225 ||| Stepping randomly (stuck).
 10226 | D:12     | 10226 ||| Stepping randomly (stuck).
 10227 | D:12     | 10227 ||| Stepping randomly (stuck).
 10228 | D:12     | 10228 ||| Stepping randomly (stuck).
 10229 | D:12     | 10229 ||| Stepping randomly (stuck).
 10230 | D:12     | 10230 ||| Stepping randomly (stuck).
 10231 | D:12     | 10231 ||| Stepping randomly (stuck).
 10232 | D:12     | 10232 ||| Stepping randomly (stuck).
 10233 | D:12     | 10233 ||| Stepping randomly (stuck).
 10234 | D:12     | 10234 ||| Stepping randomly (stuck).
 10235 | D:12     | 10235 ||| Stepping randomly (stuck).
 10236 | D:12     | 10236 ||| Stepping randomly (stuck).
 10237 | D:12     | 10237 ||| Stepping randomly (stuck).
 10238 | D:12     | 10238 ||| Stepping randomly (stuck).
 10239 | D:12     | 10239 ||| Stepping randomly (stuck).
 10240 | D:12     | 10240 ||| Stepping randomly (stuck).
 10241 | D:12     | 10241 ||| Stepping randomly (stuck).
 10242 | D:12     | 10242 ||| Stepping randomly (stuck).
 10243 | D:12     | 10243 ||| Stepping randomly (stuck).
 10244 | D:12     | 10244 ||| Stepping randomly (stuck).
 10245 | D:12     | 10245 ||| Stepping randomly (stuck).
 10246 | D:12     | 10246 ||| Stepping randomly (stuck).
 10247 | D:12     | 10247 ||| Stepping randomly (stuck).
 10248 | D:12     | 10248 ||| Stepping randomly (stuck).
 10249 | D:12     | 10249 ||| Stepping randomly (stuck).
 10250 | D:12     | 10250 ||| Stepping randomly (stuck).
 10251 | D:12     | 10251 ||| Stepping randomly (stuck).
 10252 | D:12     | 10252 ||| Stepping randomly (stuck).
 10253 | D:12     | 10253 ||| Stepping randomly (stuck).
 10254 | D:12     | 10254 ||| Stepping randomly (stuck).
 10255 | D:12     | 10255 ||| Stepping randomly (stuck).
 10256 | D:12     | 10256 ||| Stepping randomly (stuck).
 10257 | D:12     | 10257 ||| Stepping randomly (stuck).
 10258 | D:12     | 10258 ||| Stepping randomly (stuck).
 10259 | D:12     | 10259 ||| Stepping randomly (stuck).
 10260 | D:12     | 10260 ||| Stepping randomly (stuck).
 10261 | D:12     | 10261 ||| Stepping randomly (stuck).
 10262 | D:12     | 10262 ||| Stepping randomly (stuck).
 10263 | D:12     | 10263 ||| Stepping randomly (stuck).
 10264 | D:12     | 10264 ||| Stepping randomly (stuck).
 10265 | D:12     | 10265 ||| Stepping randomly (stuck).
 10266 | D:12     | 10266 ||| Stepping randomly (stuck).
 10267 | D:12     | 10267 ||| Stepping randomly (stuck).
 10268 | D:12     | 10268 ||| Stepping randomly (stuck).
 10269 | D:12     | 10269 ||| Stepping randomly (stuck).
 10270 | D:12     | 10270 ||| Stepping randomly (stuck).
 10271 | D:12     | 10271 ||| Stepping randomly (stuck).
 10272 | D:12     | 10272 ||| Stepping randomly (stuck).
 10273 | D:12     | 10273 ||| Stepping randomly (stuck).
 10274 | D:12     | 10274 ||| Stepping randomly (stuck).
 10275 | D:12     | 10275 ||| Stepping randomly (stuck).
 10276 | D:12     | 10276 ||| Stepping randomly (stuck).
 10277 | D:12     | 10277 ||| Stepping randomly (stuck).
 10278 | D:12     | 10278 ||| Stepping randomly (stuck).
 10279 | D:12     | 10279 ||| Stepping randomly (stuck).
 10280 | D:12     | 10280 ||| Stepping randomly (stuck).
 10281 | D:12     | 10281 ||| Stepping randomly (stuck).
 10282 | D:12     | 10282 ||| Stepping randomly (stuck).
 10283 | D:12     | 10283 ||| Stepping randomly (stuck).
 10284 | D:12     | 10284 ||| Stepping randomly (stuck).
 10285 | D:12     | 10285 ||| Stepping randomly (stuck).
 10286 | D:12     | 10286 ||| Stepping randomly (stuck).
 10287 | D:12     | 10287 ||| Stepping randomly (stuck).
 10288 | D:12     | 10288 ||| Stepping randomly (stuck).
 10289 | D:12     | 10289 ||| Stepping randomly (stuck).
 10290 | D:12     | 10290 ||| Stepping randomly (stuck).
 10291 | D:12     | 10291 ||| Stepping randomly (stuck).
 10292 | D:12     | 10292 ||| Stepping randomly (stuck).
 10293 | D:12     | 10293 ||| Stepping randomly (stuck).
 10294 | D:12     | 10294 ||| Stepping randomly (stuck).
 10295 | D:12     | 10295 ||| Stepping randomly (stuck).
 10296 | D:12     | 10296 ||| Stepping randomly (stuck).
 10297 | D:12     | 10297 ||| Stepping randomly (stuck).
 10298 | D:12     | 10298 ||| Stepping randomly (stuck).
 10299 | D:12     | 10299 ||| Stepping randomly (stuck).
 10300 | D:12     | 10300 ||| Stepping randomly (stuck).
 10301 | D:12     | 10301 ||| Stepping randomly (stuck).
 10302 | D:12     | 10302 ||| Stepping randomly (stuck).
 10303 | D:12     | 10303 ||| Stepping randomly (stuck).
 10304 | D:12     | 10304 ||| Stepping randomly (stuck).
 10305 | D:12     | 10305 ||| Stepping randomly (stuck).
 10306 | D:12     | 10306 ||| Stepping randomly (stuck).
 10307 | D:12     | 10307 ||| Stepping randomly (stuck).
 10308 | D:12     | 10308 ||| Stepping randomly (stuck).
 10309 | D:12     | 10309 ||| Stepping randomly (stuck).
 10310 | D:12     | 10310 ||| Stepping randomly (stuck).
 10311 | D:12     | 10311 ||| Stepping randomly (stuck).
 10312 | D:12     | 10312 ||| Stepping randomly (stuck).
 10313 | D:12     | 10313 ||| Stepping randomly (stuck).
 10314 | D:12     | 10314 ||| Stepping randomly (stuck).
 10315 | D:12     | 10315 ||| Stepping randomly (stuck).
 10316 | D:12     | 10316 ||| Stepping randomly (stuck).
 10317 | D:12     | 10317 ||| Stepping randomly (stuck).
 10318 | D:12     | 10318 ||| Stepping randomly (stuck).
 10319 | D:12     | 10319 ||| Stepping randomly (stuck).
 10320 | D:12     | 10320 ||| Stepping randomly (stuck).
 10321 | D:12     | 10321 ||| Stepping randomly (stuck).
 10322 | D:12     | 10322 ||| Stepping randomly (stuck).
 10323 | D:12     | 10323 ||| Stepping randomly (stuck).
 10324 | D:12     | 10324 ||| Stepping randomly (stuck).
 10325 | D:12     | 10325 ||| Stepping randomly (stuck).
 10326 | D:12     | 10326 ||| Stepping randomly (stuck).
 10327 | D:12     | 10327 ||| Stepping randomly (stuck).
 10328 | D:12     | 10328 ||| Stepping randomly (stuck).
 10329 | D:12     | 10329 ||| Stepping randomly (stuck).
 10330 | D:12     | 10330 ||| Stepping randomly (stuck).
 10331 | D:12     | 10331 ||| Stepping randomly (stuck).
 10332 | D:12     | 10332 ||| Stepping randomly (stuck).
 10333 | D:12     | 10333 ||| Stepping randomly (stuck).
 10334 | D:12     | 10334 ||| Stepping randomly (stuck).
 10335 | D:12     | 10335 ||| Stepping randomly (stuck).
 10336 | D:12     | 10336 ||| Stepping randomly (stuck).
 10337 | D:12     | 10337 ||| Stepping randomly (stuck).
 10338 | D:12     | 10338 ||| Stepping randomly (stuck).
 10339 | D:12     | 10339 ||| Stepping randomly (stuck).
 10340 | D:12     | 10340 ||| Stepping randomly (stuck).
 10341 | D:12     | 10341 ||| Stepping randomly (stuck).
 10342 | D:12     | 10342 ||| Stepping randomly (stuck).
 10343 | D:12     | 10343 ||| Stepping randomly (stuck).
 10344 | D:12     | 10344 ||| Stepping randomly (stuck).
 10345 | D:12     | 10345 ||| Stepping randomly (stuck).
 10346 | D:12     | 10346 ||| Stepping randomly (stuck).
 10347 | D:12     | 10347 ||| Stepping randomly (stuck).
 10348 | D:12     | 10348 ||| Stepping randomly (stuck).
 10349 | D:12     | 10349 ||| Stepping randomly (stuck).
 10350 | D:12     | 10350 ||| Stepping randomly (stuck).
 10351 | D:12     | 10351 ||| Stepping randomly (stuck).
 10352 | D:12     | 10352 ||| Stepping randomly (stuck).
 10353 | D:12     | 10353 ||| Stepping randomly (stuck).
 10354 | D:12     | 10354 ||| Stepping randomly (stuck).
 10355 | D:12     | 10355 ||| Stepping randomly (stuck).
 10356 | D:12     | 10356 ||| Stepping randomly (stuck).
 10357 | D:12     | 10357 ||| Stepping randomly (stuck).
 10358 | D:12     | 10358 ||| Stepping randomly (stuck).
 10359 | D:12     | 10359 ||| Stepping randomly (stuck).
 10360 | D:12     | 10360 ||| Stepping randomly (stuck).
 10361 | D:12     | 10361 ||| Stepping randomly (stuck).
 10362 | D:12     | 10362 ||| Stepping randomly (stuck).
 10363 | D:12     | 10363 ||| Stepping randomly (stuck).
 10364 | D:12     | 10364 ||| Stepping randomly (stuck).
 10365 | D:12     | 10365 ||| Stepping randomly (stuck).
 10366 | D:12     | 10366 ||| Stepping randomly (stuck).
 10367 | D:12     | 10367 ||| Stepping randomly (stuck).
 10368 | D:12     | 10368 ||| Stepping randomly (stuck).
 10369 | D:12     | 10369 ||| Stepping randomly (stuck).
 10370 | D:12     | 10370 ||| Stepping randomly (stuck).
 10371 | D:12     | 10371 ||| Stepping randomly (stuck).
 10372 | D:12     | 10372 ||| Stepping randomly (stuck).
 10373 | D:12     | 10373 ||| Stepping randomly (stuck).
 10374 | D:12     | 10374 ||| Stepping randomly (stuck).
 10375 | D:12     | 10375 ||| Stepping randomly (stuck).
 10376 | D:12     | 10376 ||| Stepping randomly (stuck).
 10377 | D:12     | 10377 ||| Stepping randomly (stuck).
 10378 | D:12     | 10378 ||| Stepping randomly (stuck).
 10379 | D:12     | 10379 ||| Stepping randomly (stuck).
 10380 | D:12     | 10380 ||| Stepping randomly (stuck).
 10381 | D:12     | 10381 ||| Stepping randomly (stuck).
 10382 | D:12     | 10382 ||| Stepping randomly (stuck).
 10383 | D:12     | 10383 ||| Stepping randomly (stuck).
 10384 | D:12     | 10384 ||| Stepping randomly (stuck).
 10385 | D:12     | 10385 ||| Stepping randomly (stuck).
 10386 | D:12     | 10386 ||| Stepping randomly (stuck).
 10387 | D:12     | 10387 ||| Stepping randomly (stuck).
 10388 | D:12     | 10388 ||| Stepping randomly (stuck).
 10389 | D:12     | 10389 ||| Stepping randomly (stuck).
 10390 | D:12     | 10390 ||| Stepping randomly (stuck).
 10391 | D:12     | 10391 ||| Stepping randomly (stuck).
 10392 | D:12     | 10392 ||| Stepping randomly (stuck).
 10393 | D:12     | 10393 ||| Stepping randomly (stuck).
 10394 | D:12     | 10394 ||| Stepping randomly (stuck).
 10395 | D:12     | 10395 ||| Stepping randomly (stuck).
 10396 | D:12     | 10396 ||| Stepping randomly (stuck).
 10397 | D:12     | 10397 ||| Stepping randomly (stuck).
 10398 | D:12     | 10398 ||| Stepping randomly (stuck).
 10399 | D:12     | 10399 ||| Stepping randomly (stuck).
 10400 | D:12     | 10400 ||| Stepping randomly (stuck).
 10401 | D:12     | 10401 ||| Stepping randomly (stuck).
 10402 | D:12     | 10402 ||| Stepping randomly (stuck).
 10403 | D:12     | 10403 ||| Stepping randomly (stuck).
 10404 | D:12     | 10404 ||| Stepping randomly (stuck).
 10405 | D:12     | 10405 ||| Stepping randomly (stuck).
 10406 | D:12     | 10406 ||| Stepping randomly (stuck).
 10407 | D:12     | 10407 ||| Stepping randomly (stuck).
 10408 | D:12     | 10408 ||| Stepping randomly (stuck).
 10409 | D:12     | 10409 ||| Stepping randomly (stuck).
 10410 | D:12     | 10410 ||| Stepping randomly (stuck).
 10411 | D:12     | 10411 ||| Stepping randomly (stuck).
 10412 | D:12     | 10412 ||| Stepping randomly (stuck).
 10413 | D:12     | 10413 ||| Stepping randomly (stuck).
 10414 | D:12     | 10414 ||| Stepping randomly (stuck).
 10415 | D:12     | 10415 ||| Stepping randomly (stuck).
 10416 | D:12     | 10416 ||| Stepping randomly (stuck).
 10417 | D:12     | 10417 ||| Stepping randomly (stuck).
 10418 | D:12     | 10418 ||| Stepping randomly (stuck).
 10419 | D:12     | 10419 ||| Stepping randomly (stuck).
 10420 | D:12     | 10420 ||| Stepping randomly (stuck).
 10421 | D:12     | 10421 ||| Stepping randomly (stuck).
 10422 | D:12     | 10422 ||| Stepping randomly (stuck).
 10423 | D:12     | 10423 ||| Stepping randomly (stuck).
 10424 | D:12     | 10424 ||| Stepping randomly (stuck).
 10425 | D:12     | 10425 ||| Stepping randomly (stuck).
 10426 | D:12     | 10426 ||| Stepping randomly (stuck).
 10427 | D:12     | 10427 ||| Stepping randomly (stuck).
 10428 | D:12     | 10428 ||| Stepping randomly (stuck).
 10429 | D:12     | 10429 ||| Stepping randomly (stuck).
 10430 | D:12     | 10430 ||| Stepping randomly (stuck).
 10431 | D:12     | 10431 ||| Stepping randomly (stuck).
 10432 | D:12     | 10432 ||| Stepping randomly (stuck).
 10433 | D:12     | 10433 ||| Stepping randomly (stuck).
 10434 | D:12     | 10434 ||| Stepping randomly (stuck).
 10435 | D:12     | 10435 ||| Stepping randomly (stuck).
 10436 | D:12     | 10436 ||| Stepping randomly (stuck).
 10437 | D:12     | 10437 ||| Stepping randomly (stuck).
 10438 | D:12     | 10438 ||| Stepping randomly (stuck).
 10439 | D:12     | 10439 ||| Stepping randomly (stuck).
 10440 | D:12     | 10440 ||| Stepping randomly (stuck).
 10441 | D:12     | 10441 ||| Stepping randomly (stuck).
 10442 | D:12     | 10442 ||| Stepping randomly (stuck).
 10443 | D:12     | 10443 ||| Stepping randomly (stuck).
 10444 | D:12     | 10444 ||| Stepping randomly (stuck).
 10445 | D:12     | 10445 ||| Stepping randomly (stuck).
 10446 | D:12     | 10446 ||| Stepping randomly (stuck).
 10447 | D:12     | 10447 ||| Stepping randomly (stuck).
 10448 | D:12     | 10448 ||| Stepping randomly (stuck).
 10449 | D:12     | 10449 ||| Stepping randomly (stuck).
 10450 | D:12     | 10450 ||| Stepping randomly (stuck).
 10451 | D:12     | 10451 ||| Stepping randomly (stuck).
 10452 | D:12     | 10452 ||| Stepping randomly (stuck).
 10453 | D:12     | 10453 ||| Stepping randomly (stuck).
 10454 | D:12     | 10454 ||| Stepping randomly (stuck).
 10455 | D:12     | 10455 ||| Stepping randomly (stuck).
 10456 | D:12     | 10456 ||| Stepping randomly (stuck).
 10457 | D:12     | 10457 ||| Stepping randomly (stuck).
 10458 | D:12     | 10458 ||| Stepping randomly (stuck).
 10459 | D:12     | 10459 ||| Stepping randomly (stuck).
 10460 | D:12     | 10460 ||| Stepping randomly (stuck).
 10461 | D:12     | 10461 ||| Stepping randomly (stuck).
 10462 | D:12     | 10462 ||| Stepping randomly (stuck).
 10463 | D:12     | 10463 ||| Stepping randomly (stuck).
 10464 | D:12     | 10464 ||| Stepping randomly (stuck).
 10465 | D:12     | 10465 ||| Stepping randomly (stuck).
 10466 | D:12     | 10466 ||| Stepping randomly (stuck).
 10467 | D:12     | 10467 ||| Stepping randomly (stuck).
 10468 | D:12     | 10468 ||| Stepping randomly (stuck).
 10469 | D:12     | 10469 ||| Stepping randomly (stuck).
 10470 | D:12     | 10470 ||| Stepping randomly (stuck).
 10471 | D:12     | 10471 ||| Stepping randomly (stuck).
 10472 | D:12     | 10472 ||| Stepping randomly (stuck).
 10473 | D:12     | 10473 ||| Stepping randomly (stuck).
 10474 | D:12     | 10474 ||| Stepping randomly (stuck).
 10475 | D:12     | 10475 ||| Stepping randomly (stuck).
 10476 | D:12     | 10476 ||| Stepping randomly (stuck).
 10477 | D:12     | 10477 ||| Stepping randomly (stuck).
 10478 | D:12     | 10478 ||| Stepping randomly (stuck).
 10479 | D:12     | 10479 ||| Stepping randomly (stuck).
 10480 | D:12     | 10480 ||| Stepping randomly (stuck).
 10481 | D:12     | 10481 ||| Stepping randomly (stuck).
 10482 | D:12     | 10482 ||| Stepping randomly (stuck).
 10483 | D:12     | 10483 ||| Stepping randomly (stuck).
 10484 | D:12     | 10484 ||| Stepping randomly (stuck).
 10485 | D:12     | 10485 ||| Stepping randomly (stuck).
 10486 | D:12     | 10486 ||| Stepping randomly (stuck).
 10487 | D:12     | 10487 ||| Stepping randomly (stuck).
 10488 | D:12     | 10488 ||| Stepping randomly (stuck).
 10489 | D:12     | 10489 ||| Stepping randomly (stuck).
 10490 | D:12     | 10490 ||| Stepping randomly (stuck).
 10491 | D:12     | 10491 ||| Stepping randomly (stuck).
 10492 | D:12     | 10492 ||| Stepping randomly (stuck).
 10493 | D:12     | 10493 ||| Stepping randomly (stuck).
 10494 | D:12     | 10494 ||| Stepping randomly (stuck).
 10495 | D:12     | 10495 ||| Stepping randomly (stuck).
 10496 | D:12     | 10496 ||| Stepping randomly (stuck).
 10497 | D:12     | 10497 ||| Stepping randomly (stuck).
 10498 | D:12     | 10498 ||| Stepping randomly (stuck).
 10499 | D:12     | 10499 ||| Stepping randomly (stuck).
 10500 | D:12     | 10500 ||| Stepping randomly (stuck).
 10501 | D:12     | 10501 ||| Stepping randomly (stuck).
 10502 | D:12     | 10502 ||| Stepping randomly (stuck).
 10503 | D:12     | 10503 ||| Stepping randomly (stuck).
 10504 | D:12     | 10504 ||| Stepping randomly (stuck).
 10505 | D:12     | 10505 ||| Stepping randomly (stuck).
 10506 | D:12     | 10506 ||| Stepping randomly (stuck).
 10507 | D:12     | 10507 ||| Stepping randomly (stuck).
 10508 | D:12     | 10508 ||| Stepping randomly (stuck).
 10509 | D:12     | 10509 ||| Stepping randomly (stuck).
 10510 | D:12     | 10510 ||| Stepping randomly (stuck).
 10511 | D:12     | 10511 ||| Stepping randomly (stuck).
 10512 | D:12     | 10512 ||| Stepping randomly (stuck).
 10513 | D:12     | 10513 ||| Stepping randomly (stuck).
 10514 | D:12     | 10514 ||| Stepping randomly (stuck).
 10515 | D:12     | 10515 ||| Stepping randomly (stuck).
 10516 | D:12     | 10516 ||| Stepping randomly (stuck).
 10517 | D:12     | 10517 ||| Stepping randomly (stuck).
 10518 | D:12     | 10518 ||| Stepping randomly (stuck).
 10519 | D:12     | 10519 ||| Stepping randomly (stuck).
 10520 | D:12     | 10520 ||| Stepping randomly (stuck).
 10521 | D:12     | 10521 ||| Stepping randomly (stuck).
 10522 | D:12     | 10522 ||| Stepping randomly (stuck).
 10523 | D:12     | 10523 ||| Stepping randomly (stuck).
 10524 | D:12     | 10524 ||| Stepping randomly (stuck).
 10525 | D:12     | 10525 ||| Stepping randomly (stuck).
 10526 | D:12     | 10526 ||| Stepping randomly (stuck).
 10527 | D:12     | 10527 ||| Stepping randomly (stuck).
 10528 | D:12     | 10528 ||| Stepping randomly (stuck).
 10529 | D:12     | 10529 ||| Stepping randomly (stuck).
 10530 | D:12     | 10530 ||| Stepping randomly (stuck).
 10531 | D:12     | 10531 ||| Stepping randomly (stuck).
 10532 | D:12     | 10532 ||| Stepping randomly (stuck).
 10533 | D:12     | 10533 ||| Stepping randomly (stuck).
 10534 | D:12     | Quit the game

Levels and vault maps discovered:
D:1:      scummos_arrival_simple_fountains, layout_loops_ring,
          chequers_serial_rivers_micro_c
D:2:      layout_basic, minmay_box_of_dots
D:3:      layout_rooms
D:4:      layout_basic, kiku_gazebo_pond_becter, okawaru_altar_gauntlet_db,
          mainiacjoe_overflow_alcove_1, uniq_duvessa
D:5:      cheibrodos_barr_body, layout_loops_corners
D:6:      dreamdust_elfheim, layout_cave_pods, tso_metal_star,
          grunt_dithmenos_smoke, chequers_temple_overflow_statue_of_worship,
          uniq_crazy_yiuf_cottage
D:7:      layout_cave_pools, minmay_temple_entry_mini_moons,
          gammafunk_ghost_wrathful_warriors, supply_closet_lemuel
D:8:      layout_cave_pods, led_sif_book, serial_rivers,
          chequers_serial_rivers_room_a, chequers_serial_rivers_room_b,
          chequers_serial_rivers_small_3, chequers_serial_rivers_small_a,
          special_room [special_room_kobold], enter_ossuary_5
D:9:      layout_big_octagon, nicolae_overflow_crystal_walls, david_orc_5
D:10:     layout_gridville, amcnicky_altar_gilded, grunt_gozag_statues,
          biasface_ghost_orc_armoury
D:11:     layout_long_grid, dpeg_oklobed_lair, uniq_maurice
D:12:     layout_gridville, serial_park_tiny_2

Skill      XL: |  1  2  3  4  5  6  7  8  9 10 11 |
---------------+----------------------------------+-----
Unarmed Combat | 4 5 6 8 9 10 12 14 15 | 15.7
Throwing       | 1 3 5 6 |  6.0
Fighting       | 3 4 5 6 |  6.0
Dodging        | 1 |  1.2
Armour         | 2 3 |  3.2
Spellcasting   | |  1.0
Fire Magic     | |  2.1

Action                   |  1- 3 |  4- 6 |  7- 9 | 10-12 || total
-------------------------+-------+-------+-------+-------++-------
Melee: Unarmed           |    86 |    78 |   222 |   265 ||   651
       Punch             |     1 |     4 |     8 |    15 ||    28
Throw: Javelin           |    42 |    26 |    46 |    11 ||   125
       Large rock        |       |       |       |    32 ||    32
       Boomerang         |       |       |       |    16 ||    16
Invok: Fiery Armour      |       |     4 |     4 |     4 ||    12
  Use: Scroll            |     7 |     1 |    11 |     9 ||    28
       Potion            |     1 |     3 |     2 |     3 ||     9
Armor: Robe              |    26 |    28 |    74 |    47 ||   175
       Acid dragon scale |       |       |       |    32 ||    32
Dodge: Dodged            |    48 |    25 |    85 |   142 ||   300

Table legend:
 A = Non-vault XP
 B = Vault XP
 C = Vault XP percentage of total XP
 D = Non-vault monster count
 E = Vault monster count
 F = Vault count percentage of total count
                 A         B        C        D         E       F
            +---------+---------+-------+---------+---------+-------
      Total |   15267 |    2959 |  16.2 |     219 |      60 |  21.5
            +---------+---------+-------+---------+---------+-------
        D:1 |      17 |       0 |   0.0 |      13 |       0 |   0.0
        D:2 |      61 |       1 |   1.6 |      25 |       1 |   3.8
        D:3 |     114 |       0 |   0.0 |      18 |       0 |   0.0
        D:4 |     440 |     238 |  35.1 |      22 |       8 |  26.7
        D:5 |     502 |    1073 |  68.1 |      17 |      14 |  45.2
        D:6 |     937 |       0 |   0.0 |      21 |       0 |   0.0
        D:7 |    1428 |       0 |   0.0 |      21 |       0 |   0.0
        D:8 |     820 |     998 |  54.9 |      14 |      15 |  51.7
        D:9 |    2260 |     649 |  22.3 |      24 |      22 |  47.8
       D:10 |    3440 |       0 |   0.0 |      19 |       0 |   0.0
       D:11 |    3854 |       0 |   0.0 |      23 |       0 |   0.0
       D:12 |    1394 |       0 |   0.0 |       2 |       0 |   0.0
            +---------+---------+-------+---------+---------+-------
